 Dungeon Crawl Stone Soup version 0.22-a0-571-g4a923d4b9e (webtiles) character file.

95335 M4edhros the Unseen (level 15, -8/84 HPs)
             Began as a Felid Chaos Knight on June 27, 2018.
             Killed from afar by a deep elf mage (24 damage)
             ... with a bolt of fire
             ... on level 1 of the Elven Halls on July 1, 2018.
             The game lasted 01:42:27 (219763 turns).

M4edhros the Unseen (Felid Chaos Knight)          Turns: 219763, Time: 01:42:28

Health: -8/84      AC:  7    Str: 14      XL:     15   Next: 66%
Magic:  17/28      EV: 38    Int: 22 (23) God:    Xom [..*...]
Gold:   3588       SH:  4    Dex: 27 (30) Spells: 3/27 levels left
                                        Lives:  0   Deaths: 4

rFire    . . .     SeeInvis +     - Unarmed
rCold    + . .     Gourm    .   (shield unavailable)
rNeg     + . .     Faith    .   (armour unavailable)
rPois    .         Spirit   .   (helmet unavailable)
rElec    +         Reflect  +   (cloak unavailable)
rCorr    .         Harm     .   (gloves unavailable)
MR       ++++.                  (boots unavailable)
Stlth    +++++++++.             O - +4 amulet of reflection
HPRegen  0.24/turn              p - ring "Coseits" {rElec rN+ Str+6 Dex-2}
MPRegen  0.21/turn              N - +5 ring of dexterity

@: brilliant, agile, very slightly contaminated, quick
A: very small, no armour, no weapons or thrown items, stealth, antennae 1, claws
1, fangs 3, iridescent scales 2, camouflage 1, see invisible, agile 2,
carnivore, deterioration 1, speed 1, high mp 1, magic resistance 2, robust 2,
screaming 1, shaggy fur 3, slow metabolism 1, sharp paws
a: Renounce Religion


You were on level 1 of the Elven Halls.
You worshipped Xom.
You were a toy of Xom.
You were very full.

You visited 6 branches of the dungeon, and saw 26 of its levels.
You also visited: Sewer and Ice Cave.

You collected 3588 gold pieces.

Inventory:

Hand Weapons
 G - a +1 longbow of chaos
Missiles
 f - 6 poisoned tomahawks
Jewellery
 p - the ring "Coseits" (left paw) {rElec rN+ Str+6 Dex-2}
   (You acquired it on level 12 of the Dungeon)

   [ring of positive energy]

   It affects your strength (+6).
   It affects your dexterity (-2).
   It insulates you from electricity.
   It protects you from negative energy.
 s - the amulet of Iceskioh {Harm *Drain rPois rF- Int+4}
   (Xom gifted it to you on level 1 of the Dungeon)

   [amulet of harm]

   It increases damage dealt and taken.
   It affects your intelligence (+4).
   It makes you vulnerable to fire.
   It protects you from poison.
   It causes draining when unequipped.
 u - the amulet "Jumi" {Acrobat rN+}
   (Xom gifted it to you on level 8 of the Dungeon)

   [amulet of the acrobat]

   It helps you evade while moving and waiting.
   It protects you from negative energy.
 y - the ring of Buadde {+Fly rF+ MP+9 Str+3 Int+3}
   (You found it on level 5 of the Lair of Beasts)

   [ring of magical power]

   It affects your strength (+3).
   It affects your intelligence (+3).
   It protects you from fire.
   It affects your magic capacity (+9).
   It lets you fly.
 N - a +5 ring of dexterity (right paw)
 O - a +4 amulet of reflection (around neck)
Wands
 a - a wand of flame (79)
 k - a wand of polymorph (15)
 l - a wand of digging (38)
 E - a wand of paralysis (26)
 I - a wand of random effects (10)
 M - a wand of clouds (10)
 Z - a wand of disintegration (36)
Scrolls
 d - 5 scrolls of amnesia
 h - 14 scrolls of remove curse
 m - 10 scrolls of teleportation
 o - a scroll of fog
 v - 2 scrolls of magic mapping
 x - a scroll of summoning
 B - a scroll of holy word
 C - a scroll of identify
 P - a scroll of silence
 R - 2 scrolls of fear
Potions
 c - 2 potions of agility
 e - 2 potions of ambrosia
 g - 8 potions of flight
 n - 4 potions of lignification
 q - 3 potions of haste
 t - a potion of magic
 z - 2 potions of mutation
 A - 5 potions of resistance
 D - 5 potions of brilliance
 F - 4 potions of might
 H - a potion of cancellation
 J - 2 potions of invisibility
 L - 4 potions of curing
 W - a potion of berserk rage
Miscellaneous
 j - a phantom mirror
 T - a sack of spiders
 U - a phial of floods (inert)
Comestibles
 b - 6 chunks of flesh
 S - 12 rations


   Skills:
 + Level 10.9 Fighting
 + Level 13.1 Dodging
 - Level 16.6 Stealth
 + Level 12.8 Unarmed Combat
 - Level 6.7 Spellcasting
 - Level 11.6 Hexes
 - Level 4.1 Summonings
 * Level 8.0 Transmutations
 - Level 5.0 Ice Magic
 - Level 5.2 Air Magic
 - Level 5.2 Poison Magic
 - Level 10.3 Evocations


You had 3 spell levels left.
You knew the following spells:

 Your Spells              Type           Power        Failure   Level  Hunger
a - Confuse               Hex            ######..     1%          3    #......
b - Summon Ice Beast      Ice/Summ       #####...     1%          4    ###....
c - Mephitic Cloud        Conj/Pois/Air  #####...     1%          3    #......
d - Summon Lightning Spi  Summ/Air       #####...     1%          4    ###....
e - Yara's Violent Unrav  Hex/Tmut       ######....   1%          5    #####..
f - Aura of Abjuration    Summ           #####.....   4%          5    #####..

Your spell library contained the following spells:

 Spells                   Type           Power        Failure   Level  Hunger
 Magic Dart               Conj           ###.         1%          1    None
 Apportation              Tloc           ###...       1%          1    None
 Conjure Flame            Conj/Fire      ###.....     3%          3    #......
 Slow                     Hex            ######..     1%          2    None
 Freezing Cloud           Conj/Ice/Air   #####.....   30%         6    ######.
 Ring of Flames           Chrm/Fire      ###.......   99%         7    #######
 Summon Small Mammal      Summ           ####         1%          1    None
 Blink                    Tloc           N/A          1%          2    None
 Animate Skeleton         Necr           N/A          1%          1    None
 Call Imp                 Summ           #####...     1%          2    None
 Recall                   Summ/Tloc      N/A          1%          3    #......
 Confusing Touch          Hex            ######       1%          1    None
 Call Canine Familiar     Summ           #####...     1%          3    #......
 Metabolic Englaciation   Hex/Ice        ######....   1%          5    #####..
 Lee's Rapid Deconstruct  Erth           ###.......   24%         5    #####..
 Sandblast                Erth           ###...       1%          1    None
 Petrify                  Tmut/Erth      #####...     1%          4    ###....
 Summon Guardian Golem    Hex/Summ       ######..     1%          3    #......
 Gell's Gravitas          Tloc           ###.......   3%          3    #......
 Poisonous Vapours        Pois/Air       #####.       1%          2    None


Dungeon Overview and Level Annotations

Branches:
Dungeon (15/15)            Temple (1/1) D:7            Lair (6/6) D:8
  Swamp (0/4) Lair:4       Spider (1/4) Lair:3        Slime (0/5) Lair:5
    Orc (2/2) D:10            Elf (1/3) Orc:2        Vaults (0/5) D:14
 Depths (0/5) D:15

Altars:
Ashenzari
Cheibriados
Dithmenos
Elyvilon
Fedhas
Gozag
Hepliaklqana
Kikubaaqudgha
Makhleb
Nemelex Xobeh
Okawaru
Qazlal
Ru
Sif Muna
Trog
Uskayaw
Vehumet
Wu Jian
Xom
Yredelemnul
Zin
The Shining One
Beogh

Shops:
D:6 (   D:12 :   D:13 (*   Orc:2 [([*=


Innate Abilities, Weirdness & Mutations

You cannot wear armour.
You are incapable of wielding weapons or throwing items.
Your paws allow you to move quietly. (Stealth)
You have sharp claws.
You have razor-sharp teeth.
You have supernaturally acute eyesight. (SInv)
You are carnivorous and can eat meat at any time.
You cover ground quickly.
Your thick and shaggy fur keeps you warm. (AC +3, rC+)
You have a slow metabolism.
Your sharp claws are effective at attacking unaware monsters.
You have a pair of small antennae on your head.
You are mostly covered in iridescent scales. (AC +4)
Your skin changes colour to match your surroundings (Stealth+).
You are very agile. (Dex +4)
Your body sometimes deteriorates upon taking damage.
You have an increased reservoir of magic. (+10% MP)
You are highly resistant to hostile enchantments. (MR++)
You are very robust. (+20% HP)
You occasionally shout uncontrollably at your foes.


Message History

Press: ? - help, Shift-Dir - straight line, f - deep elf knight
Aim: a deep elf knight, wielding a shortbow of freezing and wearing a ring mail (almost dead, fast, spells empowered, chance to defeat MR: 28%)
Okay, then.
Your redback bites the orc!
The orc dies!
The deep elf knight shoots an arrow.
The arrow hits your soldier ant! The arrow freezes your soldier ant.
The deep elf high priest invokes the aid of its god against you.
Something smites you!
* * * LOW HITPOINT WARNING * * *
The deep elf knight points at you and mumbles some strange words.
The stone arrow hits your redback.
Your redback dies!
Your redback's corpse disappears in a puff of smoke!
The deep elf mage mumbles some strange words.
The deep elf mage blinks!
The deep elf mage gestures at you while chanting.
The bolt of fire hits your soldier ant. The bolt of fire hits you!
You die...
Xom roars with laughter!

###...## #$ #''#)).''###..
##.....#######.##.e3se(o≈..#
.........#..##E####.≈ee#e.....
.........#......# #.Y.#...##.#
.........#..##..# #(.......# #
...8#8..........###ee........
._.###.......#..a.a...........
...8#8..........s...e.........
.........###....@).^.........
.........# ##...###.........#
.........# ##.## #........##
##.....### #.# #...#...##
#...# #.# #...##.## ...# .##
...# ## ## . .. .


You could see a deep elf demonologist, a deep elf archer, a deep elf knight, a
deep elf high priest, an earth elemental, 2 deep elf magi, an ice beast, 2
dancing weapons, an orc, a friendly soldier ant, a friendly redback and a
friendly worker ant.

Vanquished Creatures
  Frances (D:14)
  Donald (Orc:2)
  A frost giant (IceCv)
  An orc warlord (Orc:2)
  A deep elf elementalist (Elf:1)
  An emperor scorpion (D:15)
  An entropy weaver (shapeshifter) (Lair:6)
  A spark wasp (D:12)
  A deep elf demonologist (Elf:1)
  Josephine (D:14)
  A fire dragon (D:14)
  An ogre mage (D:13)
  2 centaur warriors
  7 hydras
  3 vault guards (D:14)
  The ghost of htuhola the Zephyrmancer, a journeyman DEAE of Sif Muna (D:12)
  A catoblepas (Lair:3)
  7 two-headed ogres
  5 death yaks (Lair:3)
  4 orc high priests
  Sonja (Orc:2)
  13 spriggans (Lair:6)
  4 unseen horrors
  A wizard (D:14)
  2 necromancers (D:14)
  A lindwurm (Lair:6)
  4 orc knights
  2 deep elf archers (Elf:1)
  11 ugly things
  9 deep elf magi (Elf:1)
  A wolf spider (Spider:1)
  3 manticores
  4 orc sorcerers
  A salamander (D:15)
  2 cyclopes
  9 elephants
  A black mamba (Lair:6)
  An ice statue (IceCv)
  2 torpor snails
  3 gargoyles
  4 rime drakes
  9 spiny frogs
  2 kobold demonologists (D:15)
  2 efreet
  A freezing wraith (D:12)
  3 yaktaurs
  6 komodo dragons
  A demonic crawler (Lair:3)
  4 trolls
  A jumping spider (Spider:1)
  A tyrant leech (Lair:4)
  18 polar bears
  6 hornets
  3 dream sheep
  10 blink frogs
  4 slime creatures (D:14)
  11 hippogriffs
  Sigmund (D:6)
  An air elemental (Elf:1)
  48 yaks
  Eustachio (D:4)
  A shadow (D:12)
  A vampire (D:15)
  8 wraiths
  A wyvern (D:8)
  A fire bat (Lair:2)
  17 humans
  7 hungry ghosts
  3 basilisks
  A golden eye (Lair:6)
  2 vampire mosquitoes (D:14)
  Edmund (D:6)
  A warg (Orc:2)
  A swamp worm (Lair:4)
  A soldier ant (D:12)
  An acid dragon (D:11)
  8 water moccasins
  5 porcupines
  4 black bears
  23 orc warriors
  An ice beast (D:12)
  3 phantoms
  6 ogres
  3 eyes of draining
  4 sky beasts
  2 necrophages
  32 wolves
  7 boggarts
  7 centaurs
  12 crocodiles
  9 big kobolds
  A gnoll sergeant (D:7)
  22 bullfrogs
  Dowan (D:5)
  4 wyvern skeletons
  5 scorpions
  16 killer bees
  6 howler monkeys
  4 wights (D:7)
  13 crimson imps
  2 quasits
  3 bullfrog skeletons
  7 centaur zombies
  7 hounds
  8 jellies
  Crazy Yiuf (D:6)
  8 orc priests
  19 orc wizards
  Natasha (thrice) (D:2)
  6 centaur skeletons
  7 iguanas
  15 worker ants
  6 ogre zombies (D:10)
  3 hound zombies
  A hound skeleton (D:6)
  2 worker ant zombies
  16 gnolls
  20 adders
  A river rat (Sewer)
  4 shadow imps
  5 oozes
  4 adder skeletons
  2 adder zombies
  9 worms
  3 dart slugs
  7 leopard geckos
  67 orcs
  8 giant cockroaches
  6 goblins
  5 hobgoblins
  6 jackals
  19 kobolds
  2 quokkas
  6 ball pythons
  7 bats
  3 frilled lizards
  2 goblin skeletons
  2 goblin zombies (D:8)
  2 hobgoblin skeletons (D:10)
  7 hobgoblin zombies
  A kobold skeleton (D:8)
  A kobold zombie (D:8)
  A leopard gecko skeleton (D:7)
  4 orc skeletons
  11 orc zombies (D:10)
  A quokka skeleton (D:5)
  2 quokka zombies
  13 rats
844 creatures vanquished.

Vanquished Creatures (collateral kills)
  A dire elephant (D:15)
  A death yak (Lair:3)
  An orc high priest (Orc:2)
  A manticore (D:15)
  A deep elf mage (Elf:1)
  A black mamba (Lair:3)
  A kobold demonologist (D:14)
  A yaktaur (D:12)
  A human (D:14)
  2 orc warriors (Orc:2)
  2 big kobolds (Sewer)
  A killer bee (D:9)
  A wight (D:7)
  An orc priest (Orc:2)
  An orc wizard (Orc:2)
  An adder (Sewer)
  6 orcs
  2 giant cockroaches (D:1)
  A hobgoblin (D:1)
  A kobold (D:15)
  A bat (D:1)
  A rat (D:1)
30 creatures vanquished.

Vanquished Creatures (others)
  A black mamba (Lair:3)
  A kobold demonologist (D:15)
  A polar bear (IceCv)
  A dream sheep (D:10)
  3 wraiths (D:12)
  A shadow (D:12)
  2 wolves (Lair:3)
  2 big kobolds (D:10)
  2 killer bees (D:8)
  A worm (Sewer)
  An orc (Orc:2)
  A kobold (D:15)
  5 fungi
  5 plants
27 creatures vanquished.

Grand Total: 901 creatures vanquished

Notes
Turn   | Place    | Note
-------+----------+-------------------------------------------
     0 | D:1      | M4edhros the Felid Chaos Knight began the quest for the Orb.
     0 | D:1      | Reached XP level 1. HP: 10/10 MP: 2/2
   126 | D:1      | XOM: harmless Air miscast
   149 | D:1      | XOM: harmless Conj miscast
   418 | D:1      | XOM: mild Pois miscast
   440 | D:1      | Xom revived you
   447 | D:1      | XOM: confuse monster(s)
   513 | D:1      | XOM: enchant monster (good)
   525 | D:1      | Reached skill level 2 in Stealth
   525 | D:1      | Reached XP level 2. HP: 4/14 MP: 3/3
   558 | D:1      | XOM: cloud trail
   713 | D:1      | XOM: divination: magic mapping
   839 | D:1      | XOM: butterfly on damage
   896 | D:1      | XOM: harmless Fire miscast
  1681 | D:1      | XOM: harmless Chrm miscast
  1731 | D:1      | XOM is BORED!
  1731 | D:1      | XOM: mild Hex miscast
  1839 | D:1      | XOM: harmless Conj miscast
  2332 | D:1      | XOM: 8-stop teleportation journey
  2492 | D:1      | XOM: harmless Tloc miscast
  2978 | D:1      | XOM: noise
  3182 | D:1      | XOM: god gift: 2 scrolls labeled BENKYN KEUNNUMN {god gift}
  3392 | D:1      | XOM: scenery: create altars
  3400 | D:1      | XOM: god gift: scroll labeled PUG KEUNIRGHI {god gift}
  3784 | D:1      | XOM is BORED!
  3784 | D:1      | XOM: stat loss: -2 Dex (13/15)
  4405 | D:1      | XOM: give mutations
  4405 | D:1      | Gained mutation: Your flesh is heat resistant. (rF+) [Xom's grace]
  4405 | D:1      | Gained mutation: You are partially covered in large bone plates. (SH +4) [Xom's grace]
  5117 | D:1      | XOM: give mutations
  5117 | D:1      | Gained mutation: Your system is resistant to poisons. (rPois) [Xom's grace]
  5714 | D:1      | XOM: cloud trail
  5948 | D:1      | XOM: god gift: scroll of amnesia
  6098 | D:1      | XOM: divination: detect items
  6172 | D:1      | XOM is BORED!
  6172 | D:1      | XOM: noise
  6269 | D:1      | XOM: cloud trail
  6455 | D:1      | XOM: scenery: create altars
  6623 | D:1      | XOM: scenery: create altars
  6648 | D:1      | XOM: give mutation
  6648 | D:1      | Gained mutation: You are agile. (Dex +2) [Xom's grace]
  7231 | D:1      | XOM: god gift: scroll labeled YCAQUN ZOSESHRO {god gift}
  7257 | D:1      | XOM: give mutations
  7257 | D:1      | Lost mutation: You are agile. (Dex +2) [Xom's mischief]
  7257 | D:1      | Gained mutation: Your body sometimes deteriorates upon taking damage. [Xom's mischief]
  7636 | D:1      | XOM: harmless Tmut miscast
  8272 | D:1      | XOM is BORED!
  8763 | D:1      | XOM: scenery: create altars
  9219 | D:1      | XOM: medium Chrm miscast
  9416 | D:1      | Reached skill level 3 in Stealth
  9518 | D:1      | Reached XP level 3. HP: 17/17 MP: 4/4
  9741 | D:1      | XOM: 2-stop teleportation journey
  9896 | D:1      | XOM: give mutations
  9896 | D:1      | Gained mutation: You are partially covered in icy blue scales. (AC +2) [Xom's grace]
  9896 | D:1      | Gained mutation: You evolve. [Xom's grace]
 10325 | D:1      | XOM: god gift: short lead wand {god gift}
 11080 | D:1      | Lost mutation: Your body sometimes deteriorates upon taking damage. [evolution]
 11861 | D:2      | XOM: butterfly on damage
 11862 | D:2      | XOM: summons friendly shadow imp
 11890 | D:2      | Gained mutation: Your spells are a little harder to cast, but a little more powerful. [evolution]
 12211 | D:2      | XOM: smoke on damage
 12214 | D:2      | Reached skill level 4 in Stealth
 12495 | D:1      | XOM: god gift: ration
 12539 | D:1      | XOM: scenery: create altars
 13208 | D:1      | XOM: give mutations
 13208 | D:1      | Gained mutation: You rapidly evolve. [Xom's grace]
 13208 | D:1      | Gained mutation: Your spells are harder to cast, but more powerful. [Xom's grace]
 13393 | D:1      | XOM: scenery: create altars
 13662 | D:1      | Gained mutation: You are agile. (Dex +2) [evolution]
 13747 | D:1      | XOM: god gift: scroll labeled GOASU SOUMAS {god gift}
 13961 | D:1      | XOM: 1-stop teleportation journey
 14233 | D:1      | XOM: god gift: 19 sling bullets
 14234 | D:1      | XOM: god gift: 43 gold pieces
 14398 | D:1      | XOM: medium Tloc miscast
 14441 | D:2      | XOM: smoke on damage
 14451 | D:2      | XOM: divination: detect creatures
 14657 | D:2      | Reached XP level 4. HP: 14/21 MP: 5/5
 14743 | D:1      | XOM is BORED!
 14743 | D:1      | XOM: give mutation
 14975 | D:1      | Lost mutation: Your flesh is heat resistant. (rF+) [evolution]
 15211 | D:1      | XOM: noise
 15579 | D:1      | XOM: noise
 16194 | D:1      | XOM: noise
 17048 | D:1      | XOM: severe Tloc miscast
 17099 | D:1      | Gained mutation: You tend to lose your temper in combat. [mutagenic glow]
 17157 | D:1      | XOM: divination: detect creatures
 17468 | D:1      | XOM: god gift: 19 stones
 18093 | D:2      | XOM: smoke on damage
 18096 | D:2      | Xom revived you
 18100 | D:1      | Reached skill level 5 in Stealth
 18256 | D:1      | XOM: god gift: gold wand {god gift}
 18291 | D:2      | Found a sparkling altar of Nemelex Xobeh.
 18446 | D:2      | Noticed Natasha
 18460 | D:2      | XOM: polymorph frilled lizard -> dart slug
 18466 | D:2      | XOM: fog
 18470 | D:2      | Killed Natasha
 18470 | D:2      | Reached XP level 5. HP: 12/24 MP: 6/6
 18502 | D:2      | Found a snail-covered altar of Cheibriados.
 18511 | D:2      | XOM: 5-stop teleportation journey
 18576 | D:2      | Noticed Natasha
 18593 | D:2      | Killed Natasha
 18593 | D:2      | Reached skill level 6 in Stealth
 19039 | D:1      | XOM: harmless Hex miscast
 20207 | D:1      | XOM: harmless Summ miscast
 20413 | D:1      | XOM: give mutation
 20413 | D:1      | Gained mutation: Your body sometimes deteriorates upon taking damage. [Xom's mischief]
 20715 | D:1      | XOM: harmless Tmut miscast
 20780 | D:1      | XOM: mild Tloc miscast
 20781 | D:1      | Noticed a spatial vortex
 21330 | D:1      | XOM: mild Hex miscast
 23496 | D:1      | XOM is BORED!
 23496 | D:1      | XOM: summons 2 hostile shadow creatures
 23911 | D:2      | XOM: noise
 24002 | D:2      | Noticed Natasha
 24013 | D:2      | Slain by Natasha
 24014 | D:2      | Reached XP level 4. HP: -2/21 MP: 5/5
 24142 | D:2      | Found a stormy altar of Qazlal.
 24145 | D:2      | Found a glowing silver altar of Zin.
 24148 | D:2      | Found a shadowy altar of Dithmenos.
 24284 | D:2      | Killed Natasha
 24407 | D:3      | XOM: god gift: 2 curare-tipped needles
 24478 | D:3      | Reached XP level 5. HP: 15/24 MP: 6/6
 24493 | D:3      | Gained mutation: You are resistant to hostile enchantments. (MR+) [evolution]
 24543 | D:3      | XOM: harmless Summ miscast
 24563 | D:3      | Found a basalt altar of Yredelemnul.
 24672 | D:3      | Found a glowing drain.
 24676 | Sewer    | Entered a sewer
 25163 | Sewer    | XOM: 1-stop teleportation journey
 25180 | Sewer    | XOM: mild Air miscast
 25296 | Sewer    | XOM: harmless Chrm miscast
 26635 | Sewer    | XOM: harmless Necr miscast
 26921 | Sewer    | XOM: noise
 28388 | Sewer    | XOM: mild Tloc miscast
 28388 | Sewer    | XOM: smoke on damage
 28499 | Sewer    | XOM: fog
 28508 | Sewer    | XOM: smoke on damage
 28513 | Sewer    | Reached skill level 7 in Stealth
 28737 | Sewer    | Gained mutation: Your body often deteriorates upon taking damage. [evolution]
 28774 | Sewer    | Reached skill level 8 in Stealth
 28774 | Sewer    | Gained mutation: You are covered in thick fur. (AC +2) [Felid growth]
 28774 | Sewer    | Reached XP level 6. HP: 12/28 MP: 7/7
 28803 | Sewer    | Reached skill level 5 in Unarmed Combat
 28888 | Sewer    | XOM: medium Air miscast
 29055 | Sewer    | XOM: noise
 29164 | Sewer    | XOM is BORED!
 29164 | Sewer    | XOM: summons 3 hostile demons
 29332 | Sewer    | XOM: summons friendly white imp
 29379 | Sewer    | Reached skill level 9 in Stealth
 29379 | Sewer    | Reached XP level 7. HP: 21/31 MP: 8/8
 29508 | Sewer    | Lost mutation: You tend to lose your temper in combat. [evolution]
 29578 | Sewer    | XOM: divination: detect creatures
 29825 | Sewer    | XOM: noise
 30224 | Sewer    | XOM: noise
 30354 | Sewer    | XOM: harmless Hex miscast
 30407 | Sewer    | XOM: give mutations
 30407 | Sewer    | Lost mutation: You are partially covered in large bone plates. (SH +4) [Xom's mischief]
 30407 | Sewer    | Gained mutation: You are very agile. (Dex +4) [Xom's mischief]
 30622 | Sewer    | XOM: god gift: glowing scimitar {god gift}
 30756 | Sewer    | XOM: scenery: create altars
 30885 | Sewer    | XOM: cloud trail
 31311 | Sewer    | XOM: divination: detect creatures
 31565 | Sewer    | XOM: harmless Air miscast
 31610 | Sewer    | XOM: harmless Hex miscast
 31683 | Sewer    | XOM: silly message
 32022 | Sewer    | XOM: harmless Tmut miscast
 32046 | Sewer    | XOM: harmless Tloc miscast
 32308 | Sewer    | XOM: summons 3 hostile demons
 32617 | D:3      | Found a radiant altar of Vehumet.
 32618 | D:3      | Found a burning altar of Makhleb.
 32698 | D:3      | XOM: harmless Chrm miscast
 32816 | D:4      | Reached skill level 10 in Stealth
 32847 | D:4      | Learned a level 3 spell: Confuse
 33382 | D:1      | XOM: mild Erth miscast
 33854 | D:1      | XOM: summons 1 hostile shadow creature
 35308 | D:1      | XOM: mild Air miscast
 35444 | D:1      | XOM: harmless Air miscast
 36007 | D:1      | XOM: cloud trail
 36697 | D:1      | XOM is BORED!
 36697 | D:1      | XOM: medium Summ miscast
 36698 | D:1      | Noticed a spatial vortex
 36827 | D:4      | XOM: mild Erth miscast
 37020 | D:4      | Reached skill level 1 in Hexes
 37069 | D:4      | Lost mutation: Your spells are harder to cast, but more powerful. [evolution]
 37131 | D:4      | Found a hazy altar of Hepliaklqana.
 37171 | D:4      | Noticed Eustachio
 37178 | D:4      | Killed Eustachio
 37178 | D:4      | Reached skill level 1 in Evocations
 37178 | D:4      | Reached XP level 8. HP: 34/34 MP: 8/10
 37184 | D:4      | XOM: scenery: create altars
 37408 | D:1      | XOM: medium Pois miscast
 37654 | D:1      | XOM: harmless Summ miscast
 38268 | D:1      | XOM: mild Tloc miscast
 38422 | D:1      | XOM: divination: magic mapping
 38829 | D:1      | XOM: give mutations
 38829 | D:1      | Gained mutation: You are robust. (+10% HP) [Xom's grace]
 38829 | D:1      | Gained mutation: You have an increased reservoir of magic. (+10% MP) [Xom's grace]
 39108 | D:1      | XOM: give mutations
 39108 | D:1      | Gained mutation: Your muscles are strong. (Str +2) [Xom's grace]
 39108 | D:1      | Gained mutation: You are partially covered in rugged brown scales. (AC +1, +3% HP) [Xom's grace]
 39362 | D:1      | XOM: god gift: 44 gold pieces
 39471 | D:1      | XOM is BORED!
 39471 | D:1      | XOM: summons 4 hostile demons
 39640 | D:1      | XOM: god gift: 64 gold pieces
 40209 | D:1      | XOM: harmless Conj miscast
 40364 | D:1      | XOM: scenery: create altars
 40486 | D:1      | XOM: mild Pois miscast
 41225 | D:1      | XOM: god gift: war axe {god gift}
 42730 | D:4      | XOM: noise
 42998 | D:4      | Reached skill level 1 in Spellcasting
 43035 | D:5      | Entered Level 5 of the Dungeon
 43083 | D:5      | Noticed Duvessa
 43085 | D:5      | Noticed Dowan
 43095 | D:5      | XOM: blink monster(s)
 43096 | D:5      | XOM: mild Tloc miscast
 43342 | D:5      | XOM: smoke on damage
 43348 | D:5      | Noticed Duvessa
 43348 | D:5      | Duvessa changed into Duvessa the jelly
 43348 | D:5      | XOM: polymorph Duvessa -> Duvessa the jelly
 43356 | D:5      | Killed Duvessa the jelly
 43379 | D:5      | Killed Dowan
 43535 | D:1      | XOM: medium Hex miscast
 43697 | D:1      | XOM: noise
 43875 | D:1      | Gained mutation: You are highly resistant to hostile enchantments. (MR++) [evolution]
 44403 | D:1      | XOM: god gift: transparent steel amulet {god gift}
 44606 | D:1      | Got a transparent steel amulet {god gift}
 44607 | D:1      | Identified the amulet of Iceskioh {Harm *Drain rPois rF- Int+4} (Xom gifted it to you on level 1 of the Dungeon)
 45691 | D:1      | XOM: harmless Fire miscast
 45857 | D:1      | Identified Xom's Compendium of Cheese (Xom gifted it to you on level 1 of the Dungeon)
 45857 | D:1      | XOM: god gift: Xom's Compendium of Cheese
 45997 | D:1      | XOM: give mutations
 45997 | D:1      | Lost mutation: You rapidly evolve. [Xom's mischief]
 45997 | D:1      | Lost mutation: Your body often deteriorates upon taking damage. [Xom's mischief]
 45997 | D:1      | Lost mutation: You have an increased reservoir of magic. (+10% MP) [Xom's mischief]
 45997 | D:1      | Lost mutation: Your muscles are strong. (Str +2) [Xom's mischief]
 46050 | D:1      | XOM: god gift: metallic golden potion {god gift}
 46354 | D:1      | XOM: god gift: 40 gold pieces
 46429 | D:1      | XOM: mild Fire miscast
 46794 | D:5      | XOM: noise
 46869 | D:5      | Found a basalt altar of Yredelemnul.
 46933 | D:5      | Found a white marble altar of Elyvilon.
 47021 | D:5      | XOM: mild Conj miscast
 47084 | D:5      | XOM: harmless Conj miscast
 47126 | D:5      | XOM: severe Fire miscast
 47401 | D:6      | Reached skill level 11 in Stealth
 47589 | D:6      | XOM: give mutations
 47589 | D:6      | Gained mutation: You are partially covered in iridescent scales. (AC +2) [Xom's grace]
 47589 | D:6      | Lost mutation: You evolve. [Xom's grace]
 47589 | D:6      | Gained mutation: You are somewhat resistant to further mutation. [Xom's grace]
 47589 | D:6      | Gained mutation: You have a pair of small horns on your head. [Xom's grace]
 47775 | D:1      | XOM: god gift: +9 scales of the Dragon King {rPois rF+ rC+ MR+}
 47776 | D:1      | Found the +9 scales of the Dragon King {rPois rF+ rC+ MR+}
 48545 | D:1      | XOM: summons 1 hostile demon
 48753 | D:1      | XOM: cloud trail
 48971 | D:1      | XOM: cloud trail
 49096 | D:1      | XOM: divination: magic mapping
 49393 | D:1      | XOM is BORED!
 49393 | D:1      | XOM: summons 1 hostile shadow creature
 49622 | D:1      | XOM: give mutation
 49622 | D:1      | Gained mutation: You have a pair of horns on your head. [Xom's grace]
 49710 | D:1      | XOM: give mutations
 49710 | D:1      | Gained mutation: Your mind is acute. (Int +2) [Xom's grace]
 50062 | D:1      | XOM: cloud trail
 51205 | D:1      | XOM: give mutation
 51205 | D:1      | Lost mutation: You are somewhat resistant to further mutation. [Xom's mischief]
 51614 | D:1      | XOM: give mutations
 51614 | D:1      | Lost mutation: You are very agile. (Dex +4) [Xom's mischief]
 51614 | D:1      | Lost mutation: You are robust. (+10% HP) [Xom's mischief]
 51614 | D:1      | Lost mutation: Your body sometimes deteriorates upon taking damage. [Xom's mischief]
 51614 | D:1      | Lost mutation: Your spells are a little harder to cast, but a little more powerful. [Xom's mischief]
 52583 | D:1      | XOM: mild Conj miscast
 52638 | D:1      | XOM is BORED!
 52638 | D:1      | XOM: medium Tmut miscast
 52640 | D:1      | Gained mutation: Potions are less effective at restoring your health. [mutagenic glow]
 52680 | D:1      | XOM: silly message
 53407 | D:1      | XOM: god gift: 39 gold pieces
 54027 | D:1      | XOM: silly message
 54546 | D:1      | XOM: divination: detect creatures
 54881 | D:6      | Reached skill level 5 in Hexes
 54956 | D:6      | XOM: harmless Tloc miscast
 54962 | D:6      | Found Jyteossu's Weapon Shop.
 55121 | D:6      | Noticed Sigmund
 55123 | D:6      | XOM: potion effect (brilliance)
 55144 | D:6      | Killed Sigmund
 55144 | D:6      | Reached XP level 9. HP: 13/38 MP: 13/13
 55145 | D:6      | XOM: harmless Tmut miscast
 55421 | D:4      | XOM: harmless Ice miscast
 56112 | D:1      | XOM: harmless Fire miscast
 56170 | D:1      | XOM: mild Ice miscast
 57397 | D:1      | XOM: mild Tmut miscast
 57414 | D:1      | XOM: divination: magic mapping
 57522 | D:1      | XOM: god gift: blowgun {god gift}
 57558 | D:1      | XOM: harmless Erth miscast
 57592 | D:1      | XOM: god gift: 15 bolts
 58916 | D:6      | Noticed Edmund
 58930 | D:6      | XOM: divination: magic mapping
 58938 | D:6      | Killed Edmund
 58988 | D:6      | Found a runed door.
 59204 | D:6      | XOM: medium Tloc miscast
 59216 | D:6      | Noticed Crazy Yiuf
 59224 | D:6      | XOM: blink monster(s)
 59227 | D:6      | Killed Crazy Yiuf
 59465 | D:1      | XOM: stat loss: -1 Dex (19/20)
 59830 | D:1      | XOM: give mutations
 59830 | D:1      | Lost mutation: You are agile. (Dex +2) [Xom's mischief]
 59830 | D:1      | Gained mutation: You do not regenerate when monsters are visible. [Xom's mischief]
 59830 | D:1      | Lost mutation: Potions are less effective at restoring your health. [Xom's mischief]
 59830 | D:1      | Lost mutation: Your mind is acute. (Int +2) [Xom's mischief]
 59903 | D:1      | XOM: summons 2 hostile demons
 60073 | D:1      | XOM: draining
 60173 | D:1      | XOM is BORED!
 60173 | D:1      | XOM: give mutations
 60173 | D:1      | Lost mutation: You are partially covered in rugged brown scales. (AC +1, +3% HP) [Xom's mischief]
 60173 | D:1      | Lost mutation: You are partially covered in icy blue scales. (AC +2) [Xom's mischief]
 60173 | D:1      | Lost mutation: You are highly resistant to hostile enchantments. (MR++) [Xom's mischief]
 60173 | D:1      | Gained mutation: You are clumsy. (Dex -2) [Xom's mischief]
 60424 | D:1      | XOM: harmless Erth miscast
 60441 | D:1      | XOM: harmless Summ miscast
 60491 | D:1      | XOM: noise
 60660 | D:1      | XOM: harmless Chrm miscast
 61128 | D:1      | XOM: god gift: shimmering plate armour {god gift}
 61399 | D:1      | XOM: cloud trail
 61450 | D:1      | XOM: scenery: create altars
 61452 | D:1      | Got a shimmering plate armour {god gift}
 61743 | D:1      | XOM: god gift: scroll of amnesia
 61838 | D:1      | XOM: harmless Necr miscast
 62433 | D:1      | XOM: harmless Summ miscast
 62582 | D:1      | XOM: divination: detect creatures
 62630 | D:1      | XOM: god gift: runed glass wand {god gift}
 62726 | D:1      | XOM: medium Ice miscast
 62907 | D:7      | Found an iron altar of Okawaru.
 63035 | D:7      | Found a staircase to the Ecumenical Temple.
 63138 | D:7      | XOM: mild Ice miscast
 63141 | D:7      | Reached skill level 12 in Stealth
 63348 | D:7      | XOM: summons 3 friendly demons
 63382 | D:7      | XOM: noise
 63387 | D:7      | HP: 1/37 [wight/trident (6)]
 63387 | D:7      | Slain by a wight
 63388 | D:7      | Reached XP level 8. HP: -2/34 MP: 11/13
 63504 | D:7      | XOM: butterfly on damage
 63575 | D:7      | XOM: stat loss: -1 Dex (15/16)
 63585 | D:7      | XOM: harmless Tmut miscast
 64180 | D:2      | XOM: give mutations
 64180 | D:2      | Gained mutation: Your flesh is cold resistant. (rC+) [Xom's grace]
 64180 | D:2      | Lost mutation: You are clumsy. (Dex -2) [Xom's grace]
 64180 | D:2      | Gained mutation: Your flesh is heat resistant. (rF+) [Xom's grace]
 64180 | D:2      | Gained mutation: You have a pair of large horns on your head. [Xom's grace]
 64302 | Temple   | Entered the Ecumenical Temple
 65025 | Temple   | XOM: noise
 65052 | Temple   | XOM: harmless Fire miscast
 65195 | Temple   | XOM: harmless Summ miscast
 65274 | Temple   | XOM: scenery: 4 doors open
 65283 | Temple   | XOM: give mutations
 65283 | Temple   | Gained mutation: Your mind is acute. (Int +2) [Xom's grace]
 65283 | Temple   | Gained mutation: You expend magic power (3 MP) to strengthen your wands. [Xom's grace]
 65560 | Temple   | XOM: mild Air miscast
 66076 | Temple   | XOM: god gift: runed plate armour {god gift}
 66164 | Temple   | XOM: cloud trail
 66827 | Temple   | XOM: 2-stop teleportation journey
 67249 | Temple   | XOM: harmless Tloc miscast
 68351 | D:7      | XOM: divination: detect creatures
 68431 | D:7      | XOM: silly message
 68463 | D:7      | XOM: harmless Tmut miscast
 68469 | D:7      | XOM: potion effect (berserk rage)
 68635 | D:8      | XOM: cleaving
 68640 | D:8      | XOM: destruction
 68841 | D:8      | XOM: fog
 68851 | D:8      | XOM: cleaving
 68855 | D:8      | Reached XP level 9. HP: 34/37 MP: 11/14
 69013 | D:8      | XOM: 3-stop teleportation journey
 69090 | D:8      | XOM: cloud trail
 69357 | D:8      | Found a glowing golden altar of the Shining One.
 69371 | D:8      | XOM: silly message
 69405 | D:8      | Found a staircase to the Lair.
 69411 | D:8      | XOM: noise
 69414 | D:8      | XOM: enchant monster (bad)
 69730 | Temple   | XOM: mild Fire miscast
 69880 | Temple   | XOM is BORED!
 69880 | Temple   | XOM: give mutation
 69880 | Temple   | Lost mutation: Your system is resistant to poisons. (rPois) [Xom's mischief]
 70463 | Temple   | XOM: scenery: 4 doors close
 70750 | Temple   | XOM: give mutations
 70750 | Temple   | Lost mutation: You expend magic power (3 MP) to strengthen your wands. [Xom's mischief]
 70750 | Temple   | Gained mutation: Your body sometimes deteriorates upon taking damage. [Xom's mischief]
 70750 | Temple   | Lost mutation: Your flesh is cold resistant. (rC+) [Xom's mischief]
 72163 | Temple   | XOM: harmless Tmut miscast
 72741 | Temple   | XOM: give mutation
 72741 | Temple   | Gained mutation: You are frail. (-10% HP) [Xom's mischief]
 73079 | Temple   | XOM: 2-stop teleportation journey
 73383 | Temple   | XOM: 3-stop teleportation journey
 73547 | Temple   | XOM: scenery: 3 doors open, 1 doors close
 74027 | Temple   | XOM: cloud trail
 74623 | Temple   | XOM is BORED!
 74623 | Temple   | XOM: summons 2 hostile demons
 74879 | Temple   | XOM: scenery: 1 doors open, 3 doors close
 75029 | Temple   | XOM: god gift: hand crossbow {god gift}
 75299 | Temple   | XOM: scenery: 3 doors open, 1 doors close
 76997 | Temple   | XOM: god gift: 7 rations
 77071 | Temple   | XOM: give mutations
 77071 | Temple   | Gained mutation: Your spells are a little harder to cast, but a little more powerful. [Xom's grace]
 77071 | Temple   | Gained mutation: You passively map a small area around you. [Xom's grace]
 77071 | Temple   | Gained mutation: Your muscles are strong. (Str +2) [Xom's grace]
 77071 | Temple   | Gained mutation: Your spells are harder to cast, but more powerful. [Xom's grace]
 77380 | Temple   | XOM: harmless Tloc miscast
 77855 | Temple   | XOM: give mutations
 77855 | Temple   | Lost mutation: Your muscles are strong. (Str +2) [Xom's mischief]
 77855 | Temple   | Lost mutation: You are frail. (-10% HP) [Xom's mischief]
 78270 | Temple   | XOM: harmless Tmut miscast
 78958 | Temple   | XOM: harmless Ice miscast
 79021 | Temple   | XOM: mild Chrm miscast
 79445 | Temple   | XOM: scenery: 1 doors open, 3 doors close
 79758 | Temple   | XOM: god gift: 3 curare-tipped needles
 80028 | Temple   | XOM: mild Tmut miscast
 81307 | Temple   | XOM: silly message
 81800 | Temple   | XOM: medium Ice miscast
 82062 | Temple   | XOM is BORED!
 82062 | Temple   | XOM: medium Fire miscast
 82197 | Temple   | XOM: noise
 82274 | Temple   | XOM: god gift: 13 stones
 82335 | Temple   | XOM: god gift: club {god gift}
 82416 | Temple   | XOM: silly message
 82706 | Temple   | XOM: 8-stop teleportation journey
 83581 | Temple   | XOM: severe Tmut miscast
 83616 | Temple   | XOM: scenery: 2 doors open, 2 doors close
 83697 | Temple   | XOM: scenery: 2 doors open, 2 doors close
 84176 | Temple   | XOM: scenery: 2 doors open, 2 doors close
 84791 | Temple   | XOM: scenery: 2 doors open, 2 doors close
 84952 | Temple   | XOM: noise
 85055 | Temple   | XOM: give mutations
 85055 | Temple   | Gained mutation: You are partially covered in large bone plates. (SH +4) [Xom's grace]
 85055 | Temple   | Gained mutation: You are mostly covered in large bone plates. (SH +6) [Xom's grace]
 85055 | Temple   | Gained mutation: Your flesh is cold resistant. (rC+) [Xom's grace]
 85572 | Temple   | XOM is BORED!
 85822 | Temple   | XOM: scenery: 2 doors open, 2 doors close
 85852 | Temple   | XOM: scenery: 2 doors open, 2 doors close
 86364 | Temple   | XOM: harmless Tmut miscast
 86791 | Temple   | XOM: noise
 87180 | Temple   | XOM is BORED!
 87180 | Temple   | XOM: mild Ice miscast
 87188 | Temple   | XOM: scenery: 2 doors open, 2 doors close
 87249 | Temple   | XOM: mild Ice miscast
 88410 | Temple   | XOM: divination: magic mapping
 88738 | Temple   | XOM: god gift: wand of flame (12)
 88997 | Temple   | XOM: scenery: 2 doors open, 2 doors close
 89039 | Temple   | XOM: cloud trail
 89192 | Temple   | XOM: scenery: 2 doors open, 2 doors close
 89416 | Temple   | XOM: give mutations
 89416 | Temple   | Gained mutation: Your mind is very acute. (Int +4) [Xom's grace]
 89416 | Temple   | Gained mutation: You possess an exceptional clarity of mind. [Xom's grace]
 89852 | Temple   | XOM is BORED!
 89852 | Temple   | XOM: torment (21/39 hp)
 89857 | Temple   | XOM: divination: detect creatures
 90327 | Temple   | XOM: scenery: 2 doors open, 2 doors close
 90412 | Temple   | XOM: draining
 90455 | Temple   | XOM: medium Erth miscast
 90639 | D:8      | XOM is BORED!
 90639 | D:8      | XOM: mild Chrm miscast
 90677 | D:8      | Got a pitted plate armour
 91010 | D:8      | Noticed a rime drake
 91010 | D:8      | an ice beast changed into a rime drake
 91010 | D:8      | XOM: polymorph ice beast -> rime drake
 91322 | D:8      | Killed a rime drake
 91418 | D:8      | XOM: noise
 91544 | D:9      | Reached skill level 13 in Stealth
 91553 | D:9      | XOM: swap monsters
 91562 | D:9      | XOM: mild Tmut miscast
 91578 | D:9      | Reached XP level 10. HP: 35/43 MP: 6/16
 91612 | D:9      | XOM: chaos upgrade
 91622 | D:9      | XOM: noise
 91629 | D:9      | XOM: blink monster(s)
 91636 | D:9      | XOM: potion effect (curing)
 91775 | D:9      | XOM: 2-stop teleportation journey
 91785 | D:9      | XOM: swap monsters
 91815 | D:9      | XOM: medium Pois miscast
 91932 | D:9      | XOM: cleaving
 91945 | D:9      | XOM: mild Necr miscast
 91946 | D:9      | Slain by an iguana
 91947 | D:9      | Reached XP level 9. HP: -1/39 MP: 15/15
 91947 | D:9      | Found a shattered altar of Ashenzari.
 91985 | D:9      | Noticed an unseen horror
 91990 | D:9      | Killed an unseen horror
 91998 | D:9      | XOM: scenery: create altars
 92005 | D:9      | Reached skill level 5 in Fighting
 92015 | D:9      | XOM: summons friendly iron imp
 92324 | D:9      | XOM: 2-stop teleportation journey
 92360 | D:9      | Reached skill level 5 in Evocations
 92852 | D:9      | XOM: give mutations
 92852 | D:9      | Gained mutation: You are somewhat resistant to further mutation. [Xom's grace]
 92852 | D:9      | Gained mutation: You are highly resistant to hostile enchantments. (MR++) [Xom's grace]
 92852 | D:9      | Gained mutation: Your flesh is very heat resistant. (rF++) [Xom's grace]
 92984 | D:9      | Reached XP level 10. HP: 23/44 MP: 17/17
 93006 | D:9      | Noticed a purple ugly thing
 93437 | Temple   | XOM: divination: magic mapping
 95383 | Temple   | XOM: scenery: 2 doors open, 2 doors close
 95893 | Temple   | XOM: cloud trail
 96113 | Temple   | XOM: cloud trail
 96824 | Temple   | XOM: give mutations
 96824 | Temple   | Gained mutation: You passively map the area around you. [Xom's grace]
 96824 | Temple   | Gained mutation: Your system is resistant to poisons. (rPois) [Xom's grace]
 96824 | Temple   | Gained mutation: You are robust. (+10% HP) [Xom's grace]
 97108 | Temple   | XOM: 8-stop teleportation journey
 97730 | Temple   | XOM is BORED!
 97730 | Temple   | XOM: noise
 98254 | Temple   | XOM: god gift: potion of curing
 98269 | Temple   | XOM: harmless Ice miscast
 98676 | Temple   | XOM: scenery: 1 doors open, 3 doors close
 99320 | Temple   | XOM: give mutations
 99320 | Temple   | Gained mutation: You are very robust. (+20% HP) [Xom's grace]
 99320 | Temple   | Gained mutation: You are extremely robust. (+30% HP) [Xom's grace]
 99375 | Temple   | Learned a level 4 spell: Summon Ice Beast
 99379 | Temple   | Learned a level 3 spell: Mephitic Cloud
 99423 | D:9      | XOM: god gift: fizzy coppery potion {god gift}
 99458 | D:9      | XOM: scenery: 1 doors close
 99622 | D:9      | Learned a level 4 spell: Summon Lightning Spire
 99711 | D:9      | Killed a purple ugly thing
 99724 | D:9      | XOM: harmless Hex miscast
 99967 | D:10     | Entered Level 10 of the Dungeon
100194 | D:10     | Reached skill level 10 in Hexes
100258 | D:10     | Found a staircase to the Orcish Mines.
100261 | D:10     | XOM: divination: detect creatures
100269 | D:10     | XOM: swap monsters
100421 | D:10     | XOM: 3-stop teleportation journey
100551 | D:10     | Reached skill level 1 in Summonings
100551 | D:10     | Reached skill level 1 in Ice Magic
100674 | D:10     | XOM: butterfly on damage
100780 | D:10     | XOM: god gift: phantom mirror
100791 | D:10     | Reached skill level 1 in Air Magic
100809 | D:10     | Reached skill level 1 in Poison Magic
100900 | D:10     | Noticed a two-headed hydra
100911 | D:10     | XOM: confuse monster(s)
100912 | D:10     | XOM: destruction
100930 | D:10     | Killed a two-headed hydra
101092 | D:10     | Noticed a manticore
101094 | D:10     | Killed a manticore
101094 | D:10     | Reached skill level 14 in Stealth
101156 | D:11     | Noticed a two-headed ogre
101159 | D:11     | Killed a two-headed ogre
101159 | D:11     | Reached XP level 11. HP: 62/62 MP: 18/18
101335 | D:11     | XOM: give mutation
101335 | D:11     | Gained mutation: You are extremely resistant to the effects of hostile enchantments. (MR+++) [Xom's grace]
101493 | D:11     | Noticed a two-headed ogre
101500 | D:11     | XOM: butterfly on damage
101511 | D:11     | XOM: potion effect (invisibility)
101780 | D:11     | XOM: scenery: create altars
101781 | D:11     | Noticed an unseen horror
101816 | D:11     | XOM: 4-stop teleportation journey
102066 | D:11     | XOM: god gift: 37 gold pieces
102094 | D:11     | XOM: confuse monster(s)
102097 | D:11     | Killed a two-headed ogre
102277 | Temple   | XOM: divination: detect creatures
102436 | Temple   | XOM: divination: detect creatures
104419 | Temple   | XOM: summons 2 hostile demons
105446 | Temple   | XOM is BORED!
105446 | Temple   | XOM: noise
105666 | Temple   | XOM: scenery: 3 doors open, 1 doors close
105766 | Temple   | XOM: scenery: 1 doors open, 3 doors close
105901 | Temple   | XOM: give mutations
105901 | Temple   | Gained mutation: Your flesh is almost immune to the effects of heat. (rF+++) [Xom's grace]
105901 | Temple   | Gained mutation: You are agile. (Dex +2) [Xom's grace]
105901 | Temple   | Gained mutation: Your flesh is very cold resistant. (rC++) [Xom's grace]
106390 | Temple   | XOM is BORED!
106390 | Temple   | XOM: medium Hex miscast
106641 | Temple   | XOM: summons 1 hostile demon
106719 | Temple   | XOM: silly message
106759 | Temple   | XOM is BORED!
106759 | Temple   | XOM: mild Erth miscast
107230 | D:11     | Killed an unseen horror
107312 | D:11     | XOM: harmless Air miscast
107442 | D:11     | XOM: god gift: wand of clouds (8)
107521 | D:12     | Identified a scroll of acquirement
107522 | D:12     | Got a glittering glass ring
107524 | D:12     | Identified the ring "Coseits" {rElec rN+ Str+6 Dex-2} (You acquired it on level 12 of the Dungeon)
107529 | D:12     | Noticed a red ugly thing
107531 | D:12     | Reached skill level 10 in Unarmed Combat
107533 | D:12     | XOM: 1-stop teleportation journey
107544 | D:12     | XOM: butterfly on damage
107604 | D:12     | XOM: give mutations
107604 | D:12     | Gained mutation: You are somewhat resistant to both further mutation and mutation removal. [Xom's grace]
107604 | D:12     | Gained mutation: You passively map a large area around you. [Xom's grace]
107604 | D:12     | Gained mutation: Your muscles are strong. (Str +2) [Xom's grace]
107624 | D:12     | Found Yteatsie's Book Emporium.
107652 | D:12     | Noticed a two-headed ogre
107665 | D:12     | Noticed a six-headed hydra
107763 | D:12     | XOM: enchant monster (good)
107764 | D:12     | XOM: cleaving
107785 | D:12     | Killed a six-headed hydra
107785 | D:12     | Reached skill level 5 in Spellcasting
107788 | D:12     | Noticed a queen ant
107788 | D:12     | a red ugly thing changed into a queen ant
107788 | D:12     | XOM: polymorph red ugly thing -> queen ant
107791 | D:12     | XOM: swap monsters
107792 | D:12     | XOM: confuse monster(s)
107798 | D:12     | XOM: harmless Pois miscast
107804 | D:12     | XOM: medium Necr miscast
107828 | D:12     | HP: 3/65 [orc wizard/magic dart (4)]
107849 | D:12     | Found a frozen archway.
108046 | D:12     | XOM: harmless Air miscast
108048 | IceCv    | Entered an ice cave
108052 | IceCv    | XOM: divination: detect items
108067 | IceCv    | XOM: confuse monster(s)
108268 | IceCv    | XOM: scenery: create altars
108813 | IceCv    | XOM: god gift: potion of heal wounds
109096 | IceCv    | XOM: god gift: 17 gold pieces
109140 | IceCv    | XOM: give mutations
109140 | IceCv    | Lost mutation: You are extremely resistant to the effects of hostile enchantments. (MR+++) [Xom's mischief]
109140 | IceCv    | Lost mutation: You are highly resistant to hostile enchantments. (MR++) [Xom's mischief]
110419 | IceCv    | XOM: god gift: potion of agility
110459 | IceCv    | XOM: god gift: 10 gold pieces
111406 | IceCv    | Gained mutation: Your thick and shaggy fur keeps you warm. (AC +3, rC+) [Felid growth]
111406 | IceCv    | Reached XP level 12. HP: 70/70 MP: 20/20
111554 | IceCv    | XOM: scenery: create altars
111757 | IceCv    | XOM: harmless Necr miscast
112029 | IceCv    | XOM: 4-stop teleportation journey
112097 | IceCv    | XOM: god gift: 48 gold pieces
112582 | IceCv    | XOM: cloud trail
112777 | IceCv    | XOM is BORED!
112777 | IceCv    | XOM: severe Summ miscast
113080 | IceCv    | XOM: give mutations
113080 | IceCv    | Gained mutation: Your muscles are very strong. (Str +4) [Xom's grace]
113080 | IceCv    | Gained mutation: You expend magic power (3 MP) to strengthen your wands. [Xom's grace]
113080 | IceCv    | Lost mutation: You are somewhat resistant to both further mutation and mutation removal. [Xom's grace]
113080 | IceCv    | Lost mutation: You are somewhat resistant to further mutation. [Xom's grace]
113080 | IceCv    | Gained mutation: You evolve. [Xom's grace]
113487 | IceCv    | XOM: 3-stop teleportation journey
113604 | IceCv    | Noticed a frost giant
113612 | IceCv    | Upgraded the game from 0.22-a0-558-gc2241811a9 to 0.22-a0-570-g58866f5d57
113615 | IceCv    | XOM: confuse monster(s)
113621 | IceCv    | Killed a frost giant
113653 | IceCv    | XOM: enchant monster (good)
113662 | IceCv    | XOM: summons friendly white imp
113665 | IceCv    | Reached skill level 15 in Stealth
114218 | IceCv    | XOM: divination: detect items
114296 | IceCv    | XOM: 1-stop teleportation journey
114306 | IceCv    | XOM: harmless Necr miscast
114348 | IceCv    | XOM: silly message
114509 | IceCv    | Lost mutation: Your body sometimes deteriorates upon taking damage. [evolution]
114568 | D:12     | XOM: potion effect (invisibility)
114924 | D:11     | XOM: silly message
115024 | D:11     | XOM: divination: detect items
115353 | D:11     | XOM: mild Air miscast
115693 | D:11     | XOM: silly message
116050 | D:11     | XOM: noise
116597 | D:11     | XOM is BORED!
116808 | D:11     | XOM: divination: detect creatures
117042 | D:11     | XOM: summons 1 hostile shadow creature
117493 | D:12     | Noticed a spark wasp
117493 | D:12     | a queen ant changed into a spark wasp
117493 | D:12     | XOM: polymorph queen ant -> spark wasp
117496 | D:12     | Killed a spark wasp
117522 | D:12     | Noticed a two-headed ogre
117522 | D:12     | XOM: god gift: runed great sword {god gift}
117532 | D:12     | XOM: cast spell 'Summon Butterflies'
117534 | D:12     | XOM: scenery: create altars
117542 | D:12     | Killed a two-headed ogre
118094 | D:12     | Found a runed gate.
118095 | D:12     | Found a runed gate.
118096 | D:12     | Found a runed gate.
118096 | D:12     | Noticed htuhola's ghost (journeyman DEAE)
118370 | D:12     | XOM: summons 6 friendly demons
118379 | D:12     | XOM: scenery: create altars
118388 | D:12     | XOM: summons 12 friendly demons
118400 | D:12     | XOM: fog
118423 | D:12     | Killed htuhola's ghost
118637 | D:12     | Killed a two-headed ogre
118724 | D:12     | XOM: cloud trail
118739 | D:12     | XOM: god gift: 47 gold pieces
119287 | D:12     | XOM: scenery: 3 doors close
119326 | D:12     | XOM: give mutation
119326 | D:12     | Lost mutation: You evolve. [Xom's grace]
119326 | D:12     | Gained mutation: You are somewhat resistant to further mutation. [Xom's grace]
119331 | D:12     | XOM: god gift: 15 stones
119420 | D:12     | XOM: harmless Fire miscast
119658 | D:12     | XOM: silly message
119711 | D:12     | XOM: divination: detect creatures
119717 | D:12     | XOM: cloud trail
120313 | D:13     | XOM: give mutations
120313 | D:13     | Lost mutation: Your muscles are very strong. (Str +4) [Xom's mischief]
120313 | D:13     | Lost mutation: You are resistant to hostile enchantments. (MR+) [Xom's mischief]
120313 | D:13     | Lost mutation: Your mind is very acute. (Int +4) [Xom's mischief]
120500 | D:13     | XOM: harmless Summ miscast
120627 | D:13     | Noticed a two-headed ogre
120628 | D:13     | Noticed an ogre mage
120628 | D:13     | Noticed a two-headed ogre
120635 | D:13     | XOM: swap monsters
120644 | D:13     | Killed an ogre mage
120652 | D:13     | Killed a two-headed ogre
120653 | D:13     | XOM: harmless Pois miscast
120662 | D:13     | Killed a two-headed ogre
120662 | D:13     | Reached XP level 13. HP: 30/76 MP: 22/22
120676 | D:13     | XOM: mild Chrm miscast
121274 | D:12     | XOM: give mutations
121274 | D:12     | Gained mutation: Your mind is very acute. (Int +4) [Xom's grace]
121901 | D:12     | XOM: give mutations
121901 | D:12     | Gained mutation: Your muscles are very strong. (Str +4) [Xom's grace]
121901 | D:12     | Gained mutation: Your flesh is almost immune to the effects of cold. (rC+++) [Xom's grace]
122137 | D:12     | XOM: give mutations
122137 | D:12     | Gained mutation: You have an increased reservoir of magic. (+10% MP) [Xom's grace]
122137 | D:12     | Gained mutation: You are resistant to hostile enchantments. (MR+) [Xom's grace]
122440 | D:12     | XOM: scenery: create altars
122703 | D:12     | XOM: give mutations
122703 | D:12     | Gained mutation: Your spells are much harder to cast, but much more powerful. [Xom's grace]
122703 | D:12     | Gained mutation: You are somewhat resistant to both further mutation and mutation removal. [Xom's grace]
122703 | D:12     | Lost mutation: You are somewhat resistant to both further mutation and mutation removal. [Xom's grace]
122703 | D:12     | Lost mutation: You are somewhat resistant to further mutation. [Xom's grace]
122703 | D:12     | Gained mutation: You evolve. [Xom's grace]
123059 | D:12     | XOM: scenery: create altars
123219 | D:12     | XOM: give mutations
123219 | D:12     | Lost mutation: Your spells are much harder to cast, but much more powerful. [Xom's mischief]
123219 | D:12     | Lost mutation: You are mostly covered in large bone plates. (SH +6) [Xom's mischief]
123219 | D:12     | Lost mutation: Your muscles are very strong. (Str +4) [Xom's mischief]
123219 | D:12     | Lost mutation: Your flesh is almost immune to the effects of cold. (rC+++) [Xom's mischief]
123809 | D:12     | XOM: god gift: 5 needles of confusion
123839 | D:12     | XOM: give mutations
123839 | D:12     | Gained mutation: You are partially covered in yellow scales. (AC +2) [Xom's grace]
123839 | D:12     | Gained mutation: You are very agile. (Dex +4) [Xom's grace]
123839 | D:12     | Gained mutation: Your spells are much harder to cast, but much more powerful. [Xom's grace]
124122 | D:13     | Found Faommot's Assorted Antiques.
124167 | D:13     | Found Noesu's Weapon Shoppe.
124252 | D:13     | Lost mutation: You are resistant to hostile enchantments. (MR+) [evolution]
124252 | D:13     | Lost mutation: You evolve. [end of evolution]
124370 | D:13     | XOM: mild Chrm miscast
124575 | D:13     | Reached XP level 14. HP: 81/81 MP: 25/25
124804 | D:13     | XOM is BORED!
124804 | D:13     | XOM: summons 2 hostile demons
125904 | D:13     | XOM: scenery: 2 doors close
125910 | D:13     | XOM: give mutations
125910 | D:13     | Gained mutation: Your muscles are very strong. (Str +4) [Xom's grace]
125910 | D:13     | Gained mutation: You have a considerably increased reservoir of magic. (+20% MP) [Xom's grace]
125910 | D:13     | Gained mutation: Your flesh is almost immune to the effects of cold. (rC+++) [Xom's grace]
126970 | D:13     | XOM: god gift: 2 scrolls labeled MOAMPASEETH {god gift}
127196 | D:13     | XOM: god gift: scale mail {god gift}
127347 | D:13     | XOM: give mutations
127347 | D:13     | Gained mutation: You have a greatly increased reservoir of magic. (+30% MP) [Xom's grace]
127365 | D:13     | XOM: god gift: wand of digging (16)
127450 | D:14     | Reached skill level 10 in Dodging
127595 | D:14     | XOM: enchant monster (bad)
127614 | D:14     | Noticed Josephine
127629 | D:14     | Noticed Frances
127651 | D:14     | Killed Frances
127662 | D:14     | XOM: divination: detect creatures
127671 | D:14     | Killed Josephine
127852 | D:13     | XOM: scenery: 1 doors close
127876 | D:13     | XOM: scenery: 1 doors open
128171 | D:14     | XOM: cast spell 'Summon Ice Beast'
128215 | D:14     | XOM: smoke on damage
128225 | D:14     | XOM: potion effect (curing)
128227 | D:14     | XOM: summons 5 friendly demons
128450 | D:14     | XOM: scenery: 1 doors open
128573 | D:13     | XOM: harmless Summ miscast
129060 | D:13     | XOM: god gift: bubbling silvery potion {god gift}
129709 | D:13     | XOM: harmless Chrm miscast
130075 | D:13     | XOM: give mutation
130075 | D:13     | Lost mutation: You are partially covered in yellow scales. (AC +2) [Xom's mischief]
130126 | D:13     | XOM: noise
130832 | D:13     | XOM: scenery: 2 doors close
131460 | D:13     | XOM: cloud trail
131734 | D:13     | XOM is BORED!
131734 | D:13     | XOM: noise
131766 | D:14     | XOM: smoke on damage
132017 | D:14     | XOM: cast spell 'Alistair's Intoxication'
132113 | D:14     | Found a gate to the Vaults.
132941 | D:13     | XOM: silly message
133120 | D:13     | XOM is BORED!
133120 | D:13     | XOM: noise
134407 | D:13     | XOM: give mutations
134407 | D:13     | Lost mutation: Your spells are much harder to cast, but much more powerful. [Xom's mischief]
134407 | D:13     | Lost mutation: You expend magic power (3 MP) to strengthen your wands. [Xom's mischief]
134407 | D:13     | Lost mutation: Your muscles are very strong. (Str +4) [Xom's mischief]
134407 | D:13     | Lost mutation: Your flesh is almost immune to the effects of heat. (rF+++) [Xom's mischief]
134843 | D:13     | XOM: mild Erth miscast
135228 | D:13     | XOM is BORED!
135228 | D:13     | XOM: mild Erth miscast
135844 | D:14     | XOM: mild Hex miscast
135881 | D:15     | Entered Level 15 of the Dungeon
136800 | D:14     | XOM: smoke on damage
137931 | D:14     | XOM: cloud trail
137980 | D:14     | XOM is BORED!
137980 | D:14     | XOM: mild Necr miscast
138378 | D:14     | XOM: medium Pois miscast
138913 | D:14     | XOM: noise
138940 | D:14     | XOM: scenery: 1 doors open, 1 doors close
139803 | D:14     | XOM: harmless Tloc miscast
140073 | D:15     | Noticed an emperor scorpion
140101 | D:15     | XOM: enchant monster (bad)
140115 | D:15     | XOM: divination: detect items
140127 | D:15     | XOM: cast spell 'Summon Butterflies'
140128 | D:15     | XOM: enchant monster (good)
140143 | D:15     | XOM: cast spell 'Olgreb's Toxic Radiance'
140167 | D:15     | XOM: noise
140247 | D:15     | XOM: divination: detect creatures
140294 | D:15     | HP: 2/83 [manticore/volley of spikes (4)]
140304 | D:15     | XOM: potion effect (agility)
140341 | D:15     | XOM: harmless Hex miscast
140510 | D:15     | XOM: 8-stop teleportation journey
140663 | D:15     | XOM: butterfly on damage
140708 | D:15     | XOM: give mutations
140708 | D:15     | Gained mutation: You are mostly covered in iridescent scales. (AC +4) [Xom's grace]
140708 | D:15     | Gained mutation: You are resistant to electric shocks. (rElec) [Xom's grace]
140816 | D:15     | XOM: divination: detect creatures
140868 | D:15     | XOM: enchant monster (bad)
140869 | D:15     | XOM: cleaving
140874 | D:15     | XOM: potion effect (invisibility)
140875 | D:15     | Killed an emperor scorpion
140875 | D:15     | Reached XP level 15. HP: 77/88 MP: 33/33
140891 | D:15     | Reached skill level 5 in Air Magic
140961 | D:15     | Found a staircase to the Depths.
141187 | D:14     | XOM: divination: magic mapping
141313 | D:14     | XOM: scenery: 1 doors open, 1 doors close
141354 | D:14     | XOM: cloud trail
142588 | D:14     | XOM: give mutation
142588 | D:14     | Gained mutation: Your spells are much harder to cast, but much more powerful. [Xom's grace]
142640 | D:14     | XOM: cloud trail
142883 | D:14     | XOM: scenery: 1 doors open, 1 doors close
142995 | D:14     | XOM: god gift: 750 gold pieces
143724 | D:14     | XOM: divination: magic mapping
144288 | D:14     | XOM: give mutations
144288 | D:14     | Gained mutation: Your muscles are very strong. (Str +4) [Xom's grace]
144288 | D:14     | Gained mutation: You are resistant to hostile enchantments. (MR+) [Xom's grace]
144521 | D:14     | XOM is BORED!
144521 | D:14     | XOM: summons 1 hostile shadow creature
144599 | D:14     | XOM: give mutations
144599 | D:14     | Gained mutation: Your skin changes colour to match your surroundings (Stealth+). [Xom's grace]
144599 | D:14     | Gained mutation: Your flesh is almost immune to the effects of heat. (rF+++) [Xom's grace]
144599 | D:14     | Gained mutation: You expend magic power (3 MP) to strengthen your wands. [Xom's grace]
145108 | D:14     | XOM: summons 1 hostile demon
145269 | D:14     | XOM is BORED!
145269 | D:14     | XOM: medium Necr miscast
145794 | D:14     | XOM: divination: detect creatures
146443 | D:14     | XOM: mild Necr miscast
146949 | D:14     | XOM: harmless Tmut miscast
146986 | D:14     | XOM: harmless Conj miscast
147552 | D:14     | XOM is BORED!
147742 | D:14     | XOM: summons 3 hostile shadow creatures
147826 | D:15     | Found a radiant altar of Vehumet.
147887 | D:15     | Reached skill level 5 in Poison Magic
148153 | Lair:1   | Entered Level 1 of the Lair of Beasts
148187 | Lair:1   | XOM: 5-stop teleportation journey
148192 | Lair:1   | XOM: polymorph yak -> hornet
148234 | Lair:1   | XOM: harmless Pois miscast
148727 | D:8      | XOM: mild Erth miscast
149253 | D:8      | XOM: medium Air miscast
149264 | D:8      | XOM: mild Conj miscast
149610 | D:8      | XOM: harmless Necr miscast
149666 | D:8      | XOM: summons 3 hostile demons
150314 | D:8      | XOM is BORED!
151231 | D:8      | XOM: give mutations
151231 | D:8      | Lost mutation: Your spells are much harder to cast, but much more powerful. [Xom's mischief]
151231 | D:8      | Lost mutation: You are resistant to electric shocks. (rElec) [Xom's mischief]
151231 | D:8      | Lost mutation: Your flesh is almost immune to the effects of cold. (rC+++) [Xom's mischief]
151231 | D:8      | Lost mutation: You are resistant to hostile enchantments. (MR+) [Xom's mischief]
151453 | D:8      | XOM: harmless Conj miscast
151736 | D:8      | XOM: scenery: create altars
151847 | D:8      | XOM: god gift: ration
151949 | D:8      | XOM: scenery: create altars
152003 | D:8      | XOM: give mutations
152003 | D:8      | Gained mutation: You evolve. [Xom's grace]
152003 | D:8      | Gained mutation: You are resistant to hostile enchantments. (MR+) [Xom's grace]
152003 | D:8      | Gained mutation: Your flesh is almost immune to the effects of cold. (rC+++) [Xom's grace]
152003 | D:8      | Gained mutation: Your spells are much harder to cast, but much more powerful. [Xom's grace]
152017 | D:8      | XOM: god gift: scroll of silence
152078 | D:8      | XOM: give mutations
152078 | D:8      | Lost mutation: You evolve. [Xom's grace]
152078 | D:8      | Gained mutation: You are somewhat resistant to further mutation. [Xom's grace]
152078 | D:8      | Gained mutation: Your skin blends seamlessly with your surroundings (Stealth++). [Xom's grace]
152078 | D:8      | Gained mutation: You are somewhat resistant to both further mutation and mutation removal. [Xom's grace]
152232 | D:8      | XOM: cloud trail
153109 | D:8      | XOM: cloud trail
153156 | D:8      | XOM: noise
153178 | D:8      | XOM: summons 7 hostile demons
153295 | D:8      | XOM: summons 4 hostile demons
153413 | D:8      | XOM: silly message
153565 | D:8      | XOM: god gift: 6 silver tomahawks
154174 | D:8      | XOM: give mutations
154174 | D:8      | Lost mutation: Your muscles are very strong. (Str +4) [Xom's mischief]
154174 | D:8      | Lost mutation: Your spells are much harder to cast, but much more powerful. [Xom's mischief]
154174 | D:8      | Lost mutation: You expend magic power (3 MP) to strengthen your wands. [Xom's mischief]
154174 | D:8      | Lost mutation: You are resistant to hostile enchantments. (MR+) [Xom's mischief]
154510 | D:8      | XOM: mild Erth miscast
154666 | D:8      | XOM is BORED!
154666 | D:8      | XOM: mild Summ miscast
154880 | D:8      | XOM: give mutation
154880 | D:8      | Lost mutation: Your spells are harder to cast, but more powerful. [Xom's mischief]
155480 | D:8      | XOM: god gift: wand of acid (11)
155482 | D:8      | XOM: harmless Summ miscast
155795 | D:8      | XOM: god gift: runed demon whip {god gift}
156286 | D:8      | XOM: mild Air miscast
156421 | D:8      | XOM: harmless Chrm miscast
156460 | D:8      | XOM: divination: detect items
156791 | D:8      | XOM is BORED!
156791 | D:8      | XOM: mild Tmut miscast
156976 | D:8      | XOM: noise
157473 | D:8      | XOM: god gift: scythe {god gift}
157533 | D:8      | XOM: harmless Fire miscast
157655 | D:8      | XOM: give mutation
157655 | D:8      | Lost mutation: You are very agile. (Dex +4) [Xom's mischief]
158286 | D:8      | XOM is BORED!
158286 | D:8      | XOM: give mutation
158286 | D:8      | Lost mutation: Your flesh is almost immune to the effects of heat. (rF+++) [Xom's mischief]
158483 | D:8      | XOM: mild Tmut miscast
158508 | D:8      | XOM: give mutation
158508 | D:8      | Gained mutation: You are very agile. (Dex +4) [Xom's grace]
158528 | D:8      | XOM: god gift: ancient bone amulet {god gift}
158828 | D:8      | XOM: god gift: wand of iceblast (6)
158831 | D:8      | Got an ancient bone amulet {god gift}
158833 | D:8      | Identified the amulet "Jumi" {Acrobat rN+} (Xom gifted it to you on level 8 of the Dungeon)
159106 | D:8      | XOM is BORED!
159106 | D:8      | XOM: give mutations
159106 | D:8      | Lost mutation: You are extremely robust. (+30% HP) [Xom's mischief]
159106 | D:8      | Lost mutation: You are very agile. (Dex +4) [Xom's mischief]
159106 | D:8      | Lost mutation: You have a pair of large horns on your head. [Xom's mischief]
159737 | D:8      | XOM: give mutations
159737 | D:8      | Lost mutation: Your spells are a little harder to cast, but a little more powerful. [Xom's mischief]
159737 | D:8      | Lost mutation: You possess an exceptional clarity of mind. [Xom's mischief]
159737 | D:8      | Lost mutation: Your flesh is almost immune to the effects of cold. (rC+++) [Xom's mischief]
159737 | D:8      | Lost mutation: You are partially covered in large bone plates. (SH +4) [Xom's mischief]
159756 | D:8      | XOM: mild Erth miscast
159904 | D:8      | XOM: harmless Ice miscast
160328 | D:8      | XOM: mild Pois miscast
160839 | Lair:2   | XOM: 1-stop teleportation journey
160844 | Lair:2   | XOM: noise
160893 | Lair:2   | XOM: harmless Conj miscast
161160 | Lair:2   | XOM: polymorph porcupine -> fire bat
161204 | Lair:2   | XOM: harmless Necr miscast
161294 | Lair:2   | XOM: god gift: triple crossbow {god gift}
161375 | Lair:2   | Reached skill level 5 in Ice Magic
161388 | Lair:2   | XOM: give mutations
161388 | Lair:2   | Lost mutation: You are somewhat resistant to both further mutation and mutation removal. [Xom's mischief]
161388 | Lair:2   | Lost mutation: Your flesh is very cold resistant. (rC++) [Xom's mischief]
161388 | Lair:2   | Lost mutation: You are very robust. (+20% HP) [Xom's mischief]
161388 | Lair:2   | Lost mutation: Your flesh is very heat resistant. (rF++) [Xom's mischief]
161484 | Lair:2   | XOM: harmless Fire miscast
161712 | Lair:3   | XOM: noise
161765 | Lair:3   | XOM: noise
161782 | Lair:3   | Reached skill level 16 in Stealth
161782 | Lair:3   | XOM: scenery: create altars
161789 | Lair:3   | XOM: divine lightning
161798 | Lair:3   | XOM: smoke on damage
161803 | Lair:3   | XOM: cast spell 'Death Channel'
161924 | Lair:2   | XOM: divination: magic mapping
161943 | Lair:2   | XOM: give mutations
161943 | Lair:2   | Gained mutation: You have a pair of large horns on your head. [Xom's grace]
161943 | Lair:2   | Gained mutation: You possess an exceptional clarity of mind. [Xom's grace]
162190 | Lair:2   | XOM: 3-stop teleportation journey
162521 | Lair:2   | XOM: mild Summ miscast
162592 | Lair:3   | XOM: give mutations
162592 | Lair:3   | Lost mutation: You passively map a large area around you. [Xom's mischief]
162592 | Lair:3   | Lost mutation: You are robust. (+10% HP) [Xom's mischief]
162592 | Lair:3   | Lost mutation: You have a pair of large horns on your head. [Xom's mischief]
163196 | Lair:2   | XOM: give mutations
163196 | Lair:2   | Lost mutation: You are somewhat resistant to further mutation. [Xom's mischief]
163196 | Lair:2   | Lost mutation: You possess an exceptional clarity of mind. [Xom's mischief]
163196 | Lair:2   | Lost mutation: Your mind is very acute. (Int +4) [Xom's mischief]
163601 | Lair:2   | XOM: harmless Conj miscast
163684 | Lair:2   | XOM: harmless Ice miscast
164072 | Lair:2   | XOM: harmless Tmut miscast
165212 | Lair:2   | XOM: silly message
165698 | Lair:2   | XOM is BORED!
165698 | Lair:2   | XOM: mild Necr miscast
166108 | Lair:2   | XOM: harmless Fire miscast
166830 | Lair:2   | XOM: scenery: create altars
166994 | Lair:2   | XOM: silly message
167123 | Lair:2   | XOM: divination: detect creatures
167163 | Lair:2   | XOM: summons 7 hostile demons
167270 | Lair:3   | XOM: god gift: club {god gift}
168006 | Lair:2   | XOM: harmless Hex miscast
168206 | Lair:2   | XOM: medium Erth miscast
168312 | Lair:2   | XOM: harmless Chrm miscast
168716 | Lair:2   | XOM: cloud trail
169007 | Lair:2   | XOM: silly message
169332 | Lair:2   | XOM is BORED!
169332 | Lair:2   | XOM: give mutation
169332 | Lair:2   | Lost mutation: Your muscles are strong. (Str +2) [Xom's mischief]
169351 | Lair:2   | XOM: cloud trail
169515 | Lair:2   | XOM: give mutation
169515 | Lair:2   | Gained mutation: You passively map a large area around you. [Xom's grace]
169858 | Lair:2   | XOM: give mutations
169858 | Lair:2   | Gained mutation: You expend magic power (3 MP) to strengthen your wands. [Xom's grace]
169858 | Lair:2   | Gained mutation: You evolve. [Xom's grace]
169968 | Lair:2   | XOM: silly message
170006 | Lair:2   | XOM: harmless Conj miscast
170132 | Lair:2   | XOM: give mutations
170132 | Lair:2   | Lost mutation: You are agile. (Dex +2) [Xom's mischief]
170132 | Lair:2   | Lost mutation: Your mind is acute. (Int +2) [Xom's mischief]
170132 | Lair:2   | Lost mutation: You have a greatly increased reservoir of magic. (+30% MP) [Xom's mischief]
170132 | Lair:2   | Lost mutation: Your flesh is heat resistant. (rF+) [Xom's mischief]
170296 | Lair:2   | XOM is BORED!
170296 | Lair:2   | XOM: medium Conj miscast
170356 | Lair:2   | XOM: medium Pois miscast
170428 | Lair:2   | XOM: harmless Hex miscast
170683 | Lair:2   | XOM: cloud trail
171331 | Lair:2   | XOM: cloud trail
172325 | Lair:2   | XOM: summons 7 hostile demons
172408 | Lair:3   | Found a hole to the Spider Nest.
172424 | Lair:3   | XOM: stat loss: -1 Str (13/14)
173040 | Lair:2   | XOM: mild Chrm miscast
173242 | Lair:2   | Gained mutation: Your mind is acute. (Int +2) [evolution]
173574 | Lair:2   | XOM: god gift: leather armour {god gift}
174313 | Lair:2   | XOM: harmless Fire miscast
174382 | Lair:2   | XOM: mild Erth miscast
174719 | Lair:2   | XOM: divination: detect items
176039 | Lair:2   | XOM: severe Summ miscast
176143 | Spider:1 | Entered Level 1 of the Spider Nest
176145 | Spider:1 | Reached skill level 10 in Evocations
176644 | Lair:3   | XOM is BORED!
176644 | Lair:3   | XOM: mild Hex miscast
177070 | Lair:3   | XOM: medium Ice miscast
177116 | Lair:3   | XOM: summons 7 hostile demons
177191 | Lair:4   | XOM: severe Conj miscast
177244 | Lair:3   | XOM: give mutations
177244 | Lair:3   | Lost mutation: You expend magic power (3 MP) to strengthen your wands. [Xom's mischief]
177244 | Lair:3   | Lost mutation: Your mind is acute. (Int +2) [Xom's mischief]
177626 | Lair:3   | XOM: give mutations
177626 | Lair:3   | Lost mutation: Your system is resistant to poisons. (rPois) [Xom's mischief]
177626 | Lair:3   | Lost mutation: You evolve. [Xom's mischief]
177626 | Lair:3   | Lost mutation: Your flesh is cold resistant. (rC+) [Xom's mischief]
177843 | Lair:3   | XOM: give mutations
177843 | Lair:3   | Gained mutation: You have a pair of large horns on your head. [Xom's grace]
177843 | Lair:3   | Gained mutation: You are resistant to hostile enchantments. (MR+) [Xom's grace]
178141 | Lair:3   | XOM: scenery: create altars
178320 | Lair:3   | XOM: give mutation
178320 | Lair:3   | Gained mutation: Your spells are a little harder to cast, but a little more powerful. [Xom's grace]
178353 | Lair:3   | XOM: cloud trail
178573 | Lair:3   | XOM: scenery: create altars
178602 | Lair:3   | XOM: scenery: create altars
178606 | Lair:3   | XOM: give mutations
178606 | Lair:3   | Gained mutation: You are highly resistant to hostile enchantments. (MR++) [Xom's grace]
178606 | Lair:3   | Gained mutation: You are partially covered in rugged brown scales. (AC +1, +3% HP) [Xom's grace]
178606 | Lair:3   | Gained mutation: You are robust. (+10% HP) [Xom's grace]
178606 | Lair:3   | Gained mutation: You are very robust. (+20% HP) [Xom's grace]
178896 | Lair:4   | XOM: confusion (+ monsters)
179587 | Lair:3   | XOM: medium Chrm miscast
179799 | Lair:3   | XOM: give mutation
179799 | Lair:3   | Lost mutation: You have a pair of large horns on your head. [Xom's mischief]
179809 | Lair:3   | XOM: give mutations
179809 | Lair:3   | Lost mutation: You have a pair of horns on your head. [Xom's mischief]
179809 | Lair:3   | Lost mutation: You are highly resistant to hostile enchantments. (MR++) [Xom's mischief]
180304 | Lair:3   | XOM: mild Air miscast
180696 | Lair:3   | XOM: scenery: create altars
180882 | Lair:3   | XOM: silly message
182157 | Lair:3   | XOM: harmless Hex miscast
182606 | Lair:3   | XOM is BORED!
182606 | Lair:3   | XOM: medium Chrm miscast
182798 | Lair:3   | XOM: mild Pois miscast
182806 | Lair:3   | XOM: god gift: scroll of teleportation
182853 | Lair:3   | XOM: noise
183288 | Lair:3   | XOM: god gift: hunting sling {god gift}
183388 | Lair:3   | XOM: mild Necr miscast
183789 | Lair:3   | XOM: summons 6 hostile demons
183841 | Lair:4   | XOM: confusion
183851 | Lair:4   | XOM: 1-stop teleportation journey
183895 | Lair:4   | XOM: summons 3 hostile demons
184614 | Lair:3   | XOM is BORED!
184614 | Lair:3   | XOM: mild Conj miscast
185465 | Lair:3   | XOM: harmless Fire miscast
185780 | Lair:4   | XOM: mild Tloc miscast
185783 | Lair:4   | XOM: medium Conj miscast
185852 | Lair:4   | Learned a level 5 spell: Yara's Violent Unravelling
185862 | Lair:4   | XOM: give mutations
185862 | Lair:4   | Lost mutation: You have a considerably increased reservoir of magic. (+20% MP) [Xom's mischief]
185862 | Lair:4   | Lost mutation: You are resistant to hostile enchantments. (MR+) [Xom's mischief]
185982 | Lair:4   | XOM: harmless Hex miscast
186061 | Lair:4   | XOM: summons 1 hostile demon
186181 | Lair:4   | Reached skill level 1 in Transmutations
186185 | Lair:4   | Found a staircase to the Swamp.
186185 | Lair:4   | XOM: swap monsters
186190 | Lair:4   | Slain by an elephant
186191 | Lair:4   | Reached XP level 14. HP: -1/77 MP: 16/27
186191 | Lair:4   | Upgraded the game from 0.22-a0-570-g58866f5d57 to 0.22-a0-571-g4a923d4b9e
186197 | Lair:4   | Learned a level 5 spell: Aura of Abjuration
186250 | Lair:4   | XOM: swap monsters
186513 | Lair:3   | XOM: god gift: scroll of enchant weapon
187367 | Lair:3   | XOM: summons 7 hostile demons
187526 | Lair:3   | XOM: god gift: wand of paralysis (17)
187808 | Lair:3   | XOM: harmless Ice miscast
188571 | Lair:3   | XOM: divination: magic mapping
188683 | Lair:3   | XOM: scenery: create altars
188827 | Lair:3   | XOM is BORED!
188827 | Lair:3   | XOM: summons 7 hostile demons
189025 | Lair:5   | XOM: fog
189039 | Lair:5   | XOM: cleaving
189043 | Lair:5   | XOM: confuse monster(s)
189059 | Lair:5   | Reached skill level 10 in Fighting
189267 | Lair:4   | XOM: god gift: scroll of teleportation
189546 | Lair:4   | XOM: give mutations
189546 | Lair:4   | Lost mutation: You passively map a large area around you. [Xom's mischief]
189546 | Lair:4   | Lost mutation: You have a pair of small horns on your head. [Xom's mischief]
189546 | Lair:4   | Lost mutation: You are very robust. (+20% HP) [Xom's mischief]
189773 | Lair:4   | XOM: harmless Chrm miscast
189867 | Lair:4   | XOM: summons 1 hostile demon
190339 | Lair:4   | XOM: give mutations
190339 | Lair:4   | Lost mutation: You have an increased reservoir of magic. (+10% MP) [Xom's mischief]
190339 | Lair:4   | Lost mutation: You passively map the area around you. [Xom's mischief]
190456 | Lair:4   | XOM: mild Fire miscast
190769 | Lair:4   | XOM: god gift: 6 poisoned tomahawks
190793 | Lair:4   | XOM: give mutations
190793 | Lair:4   | Lost mutation: You are mostly covered in iridescent scales. (AC +4) [Xom's mischief]
190793 | Lair:4   | Gained mutation: You are very robust. (+20% HP) [Xom's mischief]
190793 | Lair:4   | Gained mutation: You are surrounded by a mild repulsion field. (EV +2) [Xom's mischief]
190793 | Lair:4   | Lost mutation: Your spells are a little harder to cast, but a little more powerful. [Xom's mischief]
191601 | Lair:4   | XOM: god gift: wand of scattershot (5)
191752 | Lair:4   | XOM: god gift: 48 gold pieces
192159 | Lair:4   | XOM: scenery: create altars
192199 | Lair:4   | XOM: god gift: scroll of teleportation
192552 | Lair:4   | XOM is BORED!
192552 | Lair:4   | XOM: medium Tmut miscast
192794 | Lair:4   | XOM: torment (46/81 hp)
192887 | Lair:4   | XOM: give mutation
192887 | Lair:4   | Lost mutation: You passively map a small area around you. [Xom's mischief]
192961 | Lair:5   | Got a slimy brass ring
192963 | Lair:5   | Identified the ring of Buadde {+Fly rF+ MP+9 Str+3 Int+3} (You found it on level 5 of the Lair of Beasts)
192968 | Lair:5   | Found a staircase to the Slime Pits.
192977 | Lair:5   | XOM: medium Erth miscast
193533 | Lair:5   | XOM: give mutation
193533 | Lair:5   | Gained mutation: Your body sometimes deteriorates upon taking damage. [Xom's mischief]
193571 | Lair:6   | Entered Level 6 of the Lair of Beasts
193727 | Lair:6   | XOM: potion effect (haste)
194579 | Lair:5   | XOM: noise
195294 | Lair:5   | XOM: harmless Chrm miscast
195737 | Lair:5   | XOM: scenery: 1 doors close
196418 | Lair:5   | XOM: harmless Erth miscast
196946 | Lair:5   | XOM: god gift: hunting sling {god gift}
197094 | Lair:5   | XOM: give mutations
197094 | Lair:5   | Lost mutation: You are partially covered in rugged brown scales. (AC +1, +3% HP) [Xom's mischief]
197094 | Lair:5   | Gained mutation: Your body often deteriorates upon taking damage. [Xom's mischief]
197094 | Lair:5   | Lost mutation: You do not regenerate when monsters are visible. [Xom's mischief]
197225 | Lair:5   | XOM: harmless Chrm miscast
197285 | Lair:5   | XOM: torment (45/79 hp)
197370 | Lair:5   | XOM: torment (37/79 hp)
197440 | Lair:5   | XOM is BORED!
197440 | Lair:5   | XOM: noise
197689 | Lair:5   | XOM: stat loss: -1 Int (17/18)
197895 | Lair:5   | XOM: cloud trail
198690 | Lair:6   | XOM: mild Necr miscast
198698 | Lair:6   | XOM: polymorph blink frog -> golden eye
198705 | Lair:6   | XOM: polymorph blink frog -> manticore
198714 | Lair:6   | Reached XP level 15. HP: 40/82 MP: 22/26
198810 | Lair:6   | XOM: god gift: 38 gold pieces
198837 | Lair:6   | XOM: divination: magic mapping
198841 | Lair:6   | XOM: divination: detect creatures
198881 | Lair:6   | Reached skill level 5 in Transmutations
198934 | Lair:6   | XOM: summons friendly quasit
198936 | Lair:6   | XOM: cast spell 'Discord'
198939 | Lair:6   | XOM: polymorph catoblepas -> entropy weaver
199421 | Lair:5   | XOM: summons 1 hostile shadow creature
199795 | Lair:5   | XOM: draining
200133 | Lair:5   | XOM: harmless Tmut miscast
200611 | Lair:5   | XOM: give mutations
200611 | Lair:5   | Gained mutation: Your spells are a little harder to cast, but a little more powerful. [Xom's grace]
200611 | Lair:5   | Gained mutation: You are surrounded by a moderate repulsion field. (EV +3) [Xom's grace]
200611 | Lair:5   | Gained mutation: You have a pair of small antennae on your head. [Xom's grace]
201952 | Lair:5   | XOM: severe Pois miscast
202104 | Lair:5   | XOM is BORED!
202104 | Lair:5   | XOM: medium Pois miscast
202847 | Lair:5   | XOM: medium Necr miscast
202884 | Lair:6   | XOM: enchant monster (bad)
202964 | Lair:6   | XOM: cloud trail
203000 | Lair:6   | XOM: noise
203047 | Lair:6   | XOM: polymorph wolf -> centaur
203052 | Lair:6   | XOM: enchant monster (good)
203066 | Lair:6   | XOM: destruction
203611 | Lair:5   | XOM: harmless Conj miscast
203670 | Lair:5   | XOM: god gift: 61 gold pieces
203765 | Lair:5   | XOM: summons 2 hostile demons
203870 | Lair:5   | XOM: scenery: 1 doors open
204256 | Lair:5   | XOM: cloud trail
204365 | Lair:5   | XOM: harmless Pois miscast
204624 | Lair:5   | XOM: medium Tloc miscast
204637 | Lair:5   | XOM: medium Tmut miscast
204767 | Lair:5   | XOM: mild Necr miscast
204784 | Lair:5   | XOM: god gift: 6 arrows
204804 | Lair:5   | XOM: harmless Fire miscast
204965 | Lair:5   | XOM: scenery: create altars
205351 | Lair:5   | XOM: mild Summ miscast
205810 | Lair:5   | XOM: scenery: 1 doors open
206229 | Lair:5   | XOM: scenery: 1 doors close
206600 | Lair:5   | XOM is BORED!
206600 | Lair:5   | XOM: medium Fire miscast
206665 | Lair:5   | XOM: cloud trail
206711 | Lair:5   | XOM: medium Erth miscast
207042 | Lair:5   | XOM: summons 4 hostile shadow creatures
207290 | Lair:6   | XOM: give mutation
207290 | Lair:6   | Lost mutation: Your skin blends seamlessly with your surroundings (Stealth++). [Xom's mischief]
207551 | Lair:4   | XOM: summons 4 hostile demons
207660 | D:10     | XOM: summons 7 hostile demons
207698 | Orc:1    | Entered Level 1 of the Orcish Mines
207734 | Orc:1    | XOM: swap monsters
209769 | D:10     | XOM: give mutations
209769 | D:10     | Lost mutation: You are surrounded by a moderate repulsion field. (EV +3) [Xom's mischief]
209769 | D:10     | Lost mutation: Your body often deteriorates upon taking damage. [Xom's mischief]
209769 | D:10     | Gained mutation: Your muscles are strong. (Str +2) [Xom's mischief]
209769 | D:10     | Gained mutation: You occasionally shout uncontrollably at your foes. [Xom's mischief]
209786 | D:10     | XOM is BORED!
209786 | D:10     | XOM: noise
209800 | D:10     | XOM: divination: detect items
209931 | D:10     | XOM: silly message
210002 | D:10     | XOM: god gift: glowing longbow {god gift}
210393 | D:10     | XOM: divination: detect items
211263 | D:10     | XOM: silly message
211433 | D:10     | XOM is BORED!
211433 | D:10     | XOM: medium Erth miscast
212111 | Orc:2    | Entered Level 2 of the Orcish Mines
212112 | Orc:2    | XOM: divination: detect creatures
212114 | Orc:2    | Noticed an orc warlord
212125 | Orc:2    | XOM: potion effect (haste)
212129 | Orc:2    | XOM: divination: detect items
212133 | Orc:2    | XOM: cast spell 'Summon Small Mammal'
212144 | Orc:2    | Killed an orc warlord
212182 | Orc:2    | XOM: mild Hex miscast
212254 | Orc:2    | XOM: divination: magic mapping
212375 | Orc:2    | Found Sungicur's Antique Armour Shop.
212469 | Orc:2    | XOM: harmless Fire miscast
212611 | Orc:2    | XOM: harmless Ice miscast
212624 | Orc:2    | Found Ifota's Antique Weapon Shop.
212626 | Orc:2    | Found Afrar's General Store.
212626 | Orc:2    | Found Moiziplu's Jewellery Boutique.
212707 | Orc:2    | XOM: harmless Tloc miscast
212711 | Orc:2    | XOM: give mutation
212711 | Orc:2    | Gained mutation: You are mostly covered in iridescent scales. (AC +4) [Xom's grace]
212857 | Orc:2    | XOM: give mutations
212857 | Orc:2    | Gained mutation: You are resistant to hostile enchantments. (MR+) [Xom's grace]
212857 | Orc:2    | Gained mutation: You are agile. (Dex +2) [Xom's grace]
214242 | Orc:2    | XOM is BORED!
214471 | Orc:2    | XOM: god gift: weird glowing staff {god gift}
214827 | Orc:2    | XOM: god gift: 30 gold pieces
215251 | Orc:2    | XOM: divination: detect creatures
215778 | Orc:2    | XOM: give mutations
215778 | Orc:2    | Lost mutation: You are very robust. (+20% HP) [Xom's mischief]
215778 | Orc:2    | Lost mutation: Your spells are a little harder to cast, but a little more powerful. [Xom's mischief]
215778 | Orc:2    | Lost mutation: Your muscles are strong. (Str +2) [Xom's mischief]
215788 | Orc:2    | XOM: noise
215910 | Orc:2    | Found a staircase to the Elven Halls.
216028 | Orc:2    | XOM: god gift: 2 needles of confusion
216094 | Orc:2    | XOM: confusion (+ monsters)
216193 | Orc:2    | Found Tievviam's Armour Boutique.
216326 | Orc:1    | XOM: mild Air miscast
216571 | Orc:1    | XOM: 8-stop teleportation journey
217206 | Orc:1    | XOM: give mutations
217206 | Orc:1    | Gained mutation: You are very agile. (Dex +4) [Xom's grace]
217206 | Orc:1    | Gained mutation: You are very robust. (+20% HP) [Xom's grace]
217206 | Orc:1    | Gained mutation: You are highly resistant to hostile enchantments. (MR++) [Xom's grace]
217206 | Orc:1    | Gained mutation: You have an increased reservoir of magic. (+10% MP) [Xom's grace]
218106 | Orc:1    | XOM: cloud trail
218122 | Orc:1    | XOM: torment (47/83 hp)
218382 | Orc:1    | XOM is BORED!
218382 | Orc:1    | XOM: summons 1 hostile demon
218389 | Orc:1    | XOM: mild Chrm miscast
218978 | Orc:1    | XOM: harmless Necr miscast
219001 | Orc:2    | Noticed Sonja
219006 | Orc:2    | Killed Sonja
219009 | Orc:2    | Found a roughly hewn altar of Beogh.
219045 | Orc:2    | XOM: give mutation
219045 | Orc:2    | Lost mutation: You are surrounded by a mild repulsion field. (EV +2) [Xom's mischief]
219233 | Orc:2    | Noticed Donald
219247 | Orc:2    | Killed Donald
219346 | Elf:1    | Entered Level 1 of the Elven Halls
219368 | Elf:1    | XOM: mild Tmut miscast
219377 | Elf:1    | XOM: divination: detect items
219532 | Elf:1    | XOM: cloud trail
219653 | Elf:1    | Found a radiant altar of Vehumet.
219674 | Elf:1    | XOM: summons 3 friendly demons
219754 | Elf:1    | XOM: potion effect (brilliance)
219757 | Elf:1    | HP: 3/84 [deep elf mage/shard of ice (18)]
219763 | Elf:1    | Killed from afar by a deep elf mage

Vault maps used:
D:1:      grunt_arrival_crossed_arrows
D:2:      grunt_temple_overflow_diamond, lemuel_doored_altar,
          cheibriados_altar_1, kennysheep_generic_room_7, uniq_natasha
D:3:      grunt_temple_overflow_lords_of_destruction, gup_sewer_entry_bowl,
          yredelemnul_altar_generic
D:4:      kennysheep_mini, first_ration, uniq_eustachio
D:5:      kennysheep_ying_yang, uniq_duvessa
D:6:      serial_shops, nicolae_shop_behind_doors, uniq_crazy_yiuf_cottage,
          uniq_edmund, uniq_sigmund
D:7:      okawaru_trees_2, minmay_temple_entry_large_hall
D:8:      nicolae_tso_besieged_by_evil, david_lair_generic
D:9:      minmay_the_grid_octo_tiled_squarecenter, nicolae_ashenzari_panopticon
D:10:     zombieorc1_lemuel, hangedman_ranch
D:12:     gammafunk_ghost_spectres, portal_ice_cave_entry_pillars_1,
          serial_shops, nicolae_shop_window_shopping
D:13:     serial_shops, nicolae_shop_crystal, shop, corexii_checkpoint_b
D:14:     grunt_vaults_entry_tiered, minivault_19, uniq_frances, uniq_josephine
D:15:     hangedman_depths_entry_try_elsewhere_first, minivault_26,
          lemuel_tele_altar
Temple:   nicolae_temple_figure_zero
Lair:3:   nicolae_spider_entry_non_spiders, enter_volcano_1, st_stairs_4
Lair:4:   minmay_swamp_entry_worms
Lair:5:   nicolae_slime_entry_slimehenge, patterned_corridor
Lair:6:   minmay_lair_end_enchanted_forest
Spider:1: minivault_29, uniq_asterion, uniq_louise
Orc:1:    serial_shops
Orc:2:    st_orc_congregation, serial_shops, nicolae_shop_crystal, basic_altar,
          uniq_sonja, uniq_donald
Elf:1:    eino_elf_arrival_altar, orc_legates, onia_ninara_cookie
Sewer:    sewer_co_tree
IceCv:    ice_cave_small_giant

Skill      XL: |  1  2  3  4  5  6  7  8  9 10 11 12 13 14 15 |
---------------+----------------------------------------------+-----
Stealth        | 2 3 4 5 8 9 10 11 13 14 15 16 | 16.6
Unarmed Combat | 4 5 6 8 9 10 11 12 | 12.8
Hexes          | 2 7 8 10 11 | 11.6
Evocations     | 1 2 5 6 7 8 10 | 10.3
Spellcasting   | 3 4 5 6 |  6.7
Fighting       | 5 6 7 8 10 | 10.9
Summonings     | 1 3 4 |  4.1
Ice Magic      | 1 2 3 4 5 |  5.0
Air Magic      | 1 2 3 4 5 |  5.2
Poison Magic   | 1 2 3 4 5 |  5.2
Dodging        | 9 12 13 | 13.1
Transmutations | 4 8 |  8.0

Action                   |  1- 3 |  4- 6 |  7- 9 | 10-12 | 13-15 || total
-------------------------+-------+-------+-------+-------+-------++-------
Melee: Unarmed           |    85 |   300 |   679 |   616 |  1264 ||  2944
       Bite              |     5 |    29 |    65 |    69 |   179 ||   347
       Punch             |     2 |     2 |    27 |    34 |   102 ||   167
       Headbutt          |       |       |    82 |   117 |   225 ||   424
 Cast: Confuse           |       |       |    50 |    61 |    77 ||   188
       Mephitic Cloud    |       |       |       |    16 |    40 ||    56
       Summon Ice Beast  |       |       |       |       |     1 ||     1
       Summon Lightning  |       |       |       |       |     3 ||     3
       Aura of Abjuratio |       |       |       |       |     2 ||     2
Evoke: Wand              |       |     1 |    12 |    18 |    48 ||    79
       Phial of floods   |       |       |       |     1 |     3 ||     4
       Sack of spiders   |       |       |       |       |     4 ||     4
       Box of beasts     |       |       |       |       |     1 ||     1
  Use: Potion            |     2 |     1 |    11 |     2 |    15 ||    31
       Scroll            |     4 |       |     4 |     5 |    23 ||    36
 Stab: Petrified         |     4 |       |       |       |       ||     4
       Sleeping          |     8 |     9 |    35 |    24 |    50 ||   126
       Distracted        |     1 |     2 |     1 |     2 |    13 ||    19
       Confused          |       |       |    15 |    49 |    76 ||   140
       Paralysed         |       |       |     2 |     3 |     9 ||    14
       Invisible         |       |       |       |     3 |     1 ||     4
  Eat: Chunk             |    23 |    37 |    90 |    68 |   179 ||   397
       Ration            |     1 |     1 |    21 |     2 |    14 ||    39
Armor: Skin              |     3 |    23 |    67 |    53 |    80 ||   226
Dodge: Dodged            |    59 |   224 |   444 |   289 |  1268 ||  2284
Block: Other             |     2 |    37 |    38 |   136 |   243 ||   456
       Reflection        |       |       |       |     1 |    16 ||    17

Table legend:
 A = Spawn XP
 B = Non-spawn XP
 C = Spawn XP percentage of total XP
 D = Spawn monster count
 E = Non-spawn monster count
 F = Spawn count percentage of total count
 G = Total turns spent on level
                    A         B        C        D         E        F      G
               +---------+---------+-------+---------+---------+-------+---------
         Total |       0 |  158769 |   0.0 |       0 |     883 |   0.0 | 219763
               +---------+---------+-------+---------+---------+-------+---------
           D:1 |       0 |      58 |   0.0 |       0 |      24 |   0.0 | 49493
           D:2 |       0 |     238 |   0.0 |       0 |      23 |   0.0 |  1446
           D:3 |       0 |     132 |   0.0 |       0 |      24 |   0.0 |  1009
           D:4 |       0 |     579 |   0.0 |       0 |      18 |   0.0 |  1762
           D:5 |       0 |     417 |   0.0 |       0 |      16 |   0.0 |   962
           D:6 |       0 |    1231 |   0.0 |       0 |      27 |   0.0 |  1041
           D:7 |       0 |    1212 |   0.0 |       0 |      27 |   0.0 |  1793
           D:8 |       0 |    2796 |   0.0 |       0 |      42 |   0.0 | 13518
           D:9 |       0 |    4752 |   0.0 |       0 |      53 |   0.0 |  2167
          D:10 |       0 |    3857 |   0.0 |       0 |      52 |   0.0 |  5425
          D:11 |       0 |    5875 |   0.0 |       0 |      38 |   0.0 |  4230
          D:12 |       0 |    9579 |   0.0 |       0 |      41 |   0.0 |  6458
          D:13 |       0 |    6557 |   0.0 |       0 |      19 |   0.0 | 10803
          D:14 |       0 |   23073 |   0.0 |       0 |      79 |   0.0 | 12622
          D:15 |       0 |   13127 |   0.0 |       0 |      39 |   0.0 |  1312
        Lair:1 |       0 |    3782 |   0.0 |       0 |      20 |   0.0 |   977
        Lair:2 |       0 |    4362 |   0.0 |       0 |      14 |   0.0 | 13916
        Lair:3 |       0 |   10850 |   0.0 |       0 |      39 |   0.0 | 13075
        Lair:4 |       0 |    7912 |   0.0 |       0 |      35 |   0.0 |  4889
        Lair:5 |       0 |    4720 |   0.0 |       0 |      15 |   0.0 | 13106
        Lair:6 |       0 |   17903 |   0.0 |       0 |      71 |   0.0 |  1749
      Spider:1 |       0 |     869 |   0.0 |       0 |       2 |   0.0 |     8
         Orc:1 |       0 |    1093 |   0.0 |       0 |       9 |   0.0 |  3031
         Orc:2 |       0 |   13359 |   0.0 |       0 |      66 |   0.0 |  4475
         Elf:1 |       0 |   10747 |   0.0 |       0 |      26 |   0.0 |   417
         Sewer |       0 |     708 |   0.0 |       0 |      28 |   0.0 |  7634
         IceCv |       0 |    8981 |   0.0 |       0 |      36 |   0.0 |  6504
               +---------+---------+-------+---------+---------+-------+---------
